Cogmind - Beta 16.1 --- EXPLORER MODE // 2026.04.02 @ 01:51:25 // Winter2019/RPGLIKE Player: Gnomed! Result: Assimilated 0b10! Performance ------------- Evolutions (9) 4500 Regions Visited (36) 7200 Robots Destroyed (117) 585 Value Destroyed (8856) 8856 Prototype IDs (38) 760 Alien Tech Used (2) 400 Bonus (22511) 22511 TOTAL SCORE: 44812 Bonus ------- High Alert Combat Kills 1140 Follower Combat Kills 1131 Hunted by Unchained 500 Destroyed Unchained 1000 Entered Garrisons 600 Used RIF Installer 1500 Network Hubs Disabled 800 Aligned with FarCom 300 Met Data Miner 300 Met Zhirov 300 Built Enhanced Grunts 300 A7 Reached Mainframe 300 Met R17 at Cetus 500 Found Hidden Lab 3000 Destroyed MAIN.C Guards 500 Met MAIN.C 5000 Hacked MAIN.C 300 Used 0b10 Conduit 2000 Win 3000 Win Speed 166 Friendly Fire -126 Cogmind --------- Core Integrity 2609/10350 Matter 4239/10500 Energy 10500/10500 System Corruption 11% Temperature Cool (1) Movement Flying (40) Location 0b10 Command Parts ------- > --- POWER (1) -------- Quantum Reactor > --- PROPULSION (5) --- Xenon Bombardment Thruster > --- UTILITY (18) ----- Enhanced Optical Array Targeting Computer Experimental Melee Analysis Suite Jamming Amplifier Advanced Force Field Advanced Force Field AEGIS Remote Shield Quantum Router Authchip [R/NC] Relay Coupler [NC] (50) Relay Coupler [Cutter] (70) Relay Coupler [Hunter] (40) > --- WEAPON (2) ------- Guided Remote Datajack V4-D3R's Forcegen > --- INVENTORY (114) -- Light Quantum Reactor Experimental Biometal Leg Cesium-ion Thruster Target Analyzer Authchip [R/NC] Authchip [R/Combat] Authchip [R/Combat] Authchip [R/Combat] Authchip [R/Combat] Authchip [R/Combat] Authchip [R/Combat] Authchip [R/Combat] Authchip [R/Combat] Authchip [R/Combat] Authchip [R/Combat] Authchip [R/Combat] Authchip [R/Combat] Authchip [R/Combat] Authchip [R/Combat] Relay Coupler [NC] (88) Relay Coupler [Swarmer] (92) Relay Coupler [Swarmer] (78) Relay Coupler [Grunt] (78) Relay Coupler [Grunt] (70) Relay Coupler [Grunt] (84) Relay Coupler [Grunt] (84) Relay Coupler [Grunt] (84) Relay Coupler [Grunt] (66) Relay Coupler [Grunt] (88) Relay Coupler [Sentry] (58) Relay Coupler [Sentry] (52) Relay Coupler [Sentry] (66) Relay Coupler [Hunter] (52) Relay Coupler [Hunter] (44) Relay Coupler [Hunter] (52) Dimensional Node Initializer Core Regenerator Integrated Reactor Integrated Reactor Core Reset Matrix EM Pulse Gun Heavy EM Pulse Gun Arc Projector Arc Projector Arc Projector Arc Projector Tachyon Dispersion Ray Pulse Rifle Enhanced Quantum Rifle Enhanced Quantum Rifle Proton Cannon Phase Cannon Enhanced Nova Cannon Enhanced Nova Cannon Enhanced Nova Cannon Enhanced Nova Cannon Enhanced Nova Cannon Enhanced Nova Cannon Enhanced Nova Cannon Assault Rifle Assault Rifle Gauss Rifle Gauss Rifle Gauss Rifle Gauss Rifle Gauss Cannon Gauss Cannon Gauss Cannon Gauss Cannon Enhanced Hardcell Cannon Enhanced Hardcell Cannon Enhanced Hardcell Cannon Remote Datajack PL-3XN's Ring of Power Disassembled Obliterator Peak State ------------ > --- POWER ------------ Quantum Reactor > --- PROPULSION ------- Cesium-ion Thruster Cesium-ion Thruster Xenon Bombardment Thruster Xenon Bombardment Thruster Impulse Thruster > --- UTILITY ---------- Improved Trap Scanner Enhanced Optical Array Zeronet Interface Targeting Computer Experimental Melee Analysis Suite Jamming Amplifier Advanced Force Field Advanced Force Field AEGIS Remote Shield Quantum Router Authchip [R/NC] Relay Coupler [NC] Relay Coupler [Swarmer] Relay Coupler [Cutter] Relay Coupler [Hunter] LC Capacitor > --- WEAPON ----------- Tachyon Dispersion Ray Enhanced Nova Cannon > --- INVENTORY -------- Light Quantum Reactor Experimental Biometal Leg Cesium-ion Thruster Target Analyzer Authchip [R/NC] Authchip [R/Combat] Authchip [R/Combat] Authchip [R/Combat] Authchip [R/Combat] Authchip [R/Combat] Authchip [R/Combat] Authchip [R/Combat] Authchip [R/Combat] Authchip [R/Combat] Authchip [R/Combat] Authchip [R/Combat] Authchip [R/Combat] Authchip [R/Combat] Authchip [R/Combat] Relay Coupler [NC] Relay Coupler [Swarmer] Relay Coupler [Swarmer] Relay Coupler [Grunt] Relay Coupler [Grunt] Relay Coupler [Grunt] Relay Coupler [Grunt] Relay Coupler [Grunt] Relay Coupler [Grunt] Relay Coupler [Grunt] Relay Coupler [Sentry] Relay Coupler [Sentry] Relay Coupler [Sentry] Relay Coupler [Hunter] Relay Coupler [Hunter] Relay Coupler [Hunter] Dimensional Node Initializer Core Regenerator Integrated Reactor Integrated Reactor Core Reset Matrix EM Pulse Gun Heavy EM Pulse Gun Arc Projector Arc Projector Arc Projector Arc Projector Tachyon Dispersion Ray Pulse Rifle Enhanced Quantum Rifle Enhanced Quantum Rifle Proton Cannon Phase Cannon Enhanced Nova Cannon Enhanced Nova Cannon Enhanced Nova Cannon Enhanced Nova Cannon Enhanced Nova Cannon Enhanced Nova Cannon Assault Rifle Assault Rifle Gauss Rifle Gauss Rifle Gauss Rifle Gauss Rifle Gauss Cannon Gauss Cannon Gauss Cannon Gauss Cannon Enhanced Hardcell Cannon Enhanced Hardcell Cannon Enhanced Hardcell Cannon Remote Datajack Guided Remote Datajack V4-D3R's Forcegen PL-3XN's Ring of Power Disassembled Obliterator [Rating: 223] Favorites ----------- Power Nuclear Core Engine Light Deuterium Engine Power Core Nuclear Core Reactor Quantum Reactor Propulsion Xenon Bombardment Thruster Flight Unit Xenon Bombardment Thruster Utility Targeting Computer Device Improved Shield Generator Processor Targeting Computer Hackware Relay Coupler [NC] Protection Hardened Medium Armor Plating Artifact LC Capacitor Weapon Remote Datajack Energy Gun Arc Projector Energy Cannon Phase Cannon Ballistic Gun Gauss Rifle Ballistic Cannon Gauss Cannon Special Weapon Remote Datajack Build | -11 -10 -10 -10 -9 -8 -8 -8 -8 -7 -7 -7 -7 -6 -6 -6 -6 -6 -6 -5 -5 -5 -5 -4 -4 -4 -4 -4 -3 -3 -3 -3 -3 -3 -2 -1 -1 ------- Run | Yrd Mat Min Exi Min Mat Gar Mat Gar Fac Low Low Dat Pro Fac Ext Cet Arc Hub Fac Upp Upp War Pro Fac Upp Upp Zhi Pro Res Gar Res Arm Lab Res Acc Com Slots Evolved 22 | 22 . . . . . . . . . . . . . . . . . . . . . . . . . . . . . . . . . . . . Power . | . . . . . . . . . . . . . . . . . . . . . . . . . . . . . . . . . . . . . Propulsion 4 | 4 . . . . . . . . . . . . . . . . . . . . . . . . . . . . . . . . . . . . Utility 17 | 17 . . . . . . . . . . . . . . . . . . . . . . . . . . . . . . . . . . . . Weapon 1 | 1 . . . . . . . . . . . . . . . . . . . . . . . . . . . . . . . . . . . . Parts Attached 76 | 9 1 . 1 . 5 12 11 2 . . . . 1 1 . 5 . 2 . . . . 4 . . . 2 . . 2 . 5 10 . 2 1 Power 6 | 1 . . . . 1 . 1 . . . . . . . . . . . . . . . . . . . 1 . . . . 2 . . . . Engine 2 | 1 . . . . 1 . . . . . . . . . . . . . . . . . . . . . . . . . . . . . . . Core 1 | . . . . . . . 1 . . . . . . . . . . . . . . . . . . . . . . . . . . . . . Reactor 3 | . . . . . . . . . . . . . . . . . . . . . . . . . . . 1 . . . . 2 . . . . Propulsion 10 | . 1 . 1 . 2 . . . . . . . 1 . . . . . . . . . 4 . . . . . . . . 1 . . . . Treads . | . . . . . . . . . . . . . . . . . . . . . . . . . . . . . . . . . . . . . Leg . | . . . . . . . . . . . . . . . . . . . . . . . . . . . . . . . . . . . . . Wheel . | . . . . . . . . . . . . . . . . . . . . . . . . . . . . . . . . . . . . . Hover . | . . . . . . . . . . . . . . . . . . . . . . . . . . . . . . . . . . . . . Flight 10 | . 1 . 1 . 2 . . . . . . . 1 . . . . . . . . . 4 . . . . . . . . 1 . . . . Utility 34 | 5 . . . . 1 6 9 1 . . . . . 1 . . . 2 . . . . . . . . 1 . . 2 . . 5 . 1 . Device 12 | 2 . . . . . 4 2 . . . . . . . . . . 1 . . . . . . . . . . . 2 . . 1 . . . Storage . | . . . . . . . . . . . . . . . . . . . . . . . . . . . . . . . . . . . . . Processor 5 | 1 . . . . . 1 . 1 . . . . . . . . . . . . . . . . . . . . . . . . 2 . . . Hackware 11 | . . . . . 1 . 6 . . . . . . 1 . . . 1 . . . . . . . . . . . . . . 1 . 1 . Protection 5 | 2 . . . . . 1 1 . . . . . . . . . . . . . . . . . . . 1 . . . . . . . . . Artifact 1 | . . . . . . . . . . . . . . . . . . . . . . . . . . . . . . . . . 1 . . . Weapon 26 | 3 . . . . 1 6 1 1 . . . . . . . 5 . . . . . . . . . . . . . . . 2 5 . 1 1 Energy Gun 8 | 1 . . . . 1 2 . . . . . . . . . 1 . . . . . . . . . . . . . . . . 2 . 1 . Energy Cannon 6 | . . . . . . 2 . . . . . . . . . . . . . . . . . . . . . . . . . 2 1 . . 1 Ballistic Gun 4 | 2 . . . . . 2 . . . . . . . . . . . . . . . . . . . . . . . . . . . . . . Ballistic Cannon 4 | . . . . . . . . 1 . . . . . . . 3 . . . . . . . . . . . . . . . . . . . . Launcher . | . . . . . . . . . . . . . . . . . . . . . . . . . . . . . . . . . . . . . Special Weapon 4 | . . . . . . . 1 . . . . . . . . 1 . . . . . . . . . . . . . . . . 2 . . . Impact Weapon . | . . . . . . . . . . . . . . . . . . . . . . . . . . . . . . . . . . . . . Slashing Weapon . | . . . . . . . . . . . . . . . . . . . . . . . . . . . . . . . . . . . . . Piercing Weapon . | . . . . . . . . . . . . . . . . . . . . . . . . . . . . . . . . . . . . . Special Melee Weapon . | . . . . . . . . . . . . . . . . . . . . . . . . . . . . . . . . . . . . . Unidentified Prototypes 11 | . . . 1 . . . . . . . . . . . . . . . . . . . . . . . 2 . . . . . 8 . . . Parts Lost 24 | . . . . . . 1 . . . . . . . . . . . 2 . . . 2 1 . . 1 . . . . . 8 . . . 9 Power 1 | . . . . . . . . . . . . . . . . . . . . . . . . . . 1 . . . . . . . . . . Propulsion 6 | . . . . . . . . . . . . . . . . . . . . . . 1 1 . . . . . . . . . . . . 4 Utility 16 | . . . . . . 1 . . . . . . . . . . . 2 . . . 1 . . . . . . . . . 8 . . . 4 Weapon 1 | . . . . . . . . . . . . . . . . . . . . . . . . . . . . . . . . . . . . 1 Highest Loss Streak 9 | . . . . . . 1 . . . . . . . . . . . 1 . . . 1 1 . . 1 . . . . . 8 . . . 9 To Critical Strikes 3 | . . . . . . . . . . . . . . . . . . . . . . 1 . . . . . . . . . . . . . 2 Average Backups 52 | . 1 1 1 1 11 36 48 55 61 61 61 61 60 60 60 60 60 59 59 59 59 60 59 54 54 54 53 54 54 54 54 63 71 75 74 73 Power . | . . . . . . . . 1 1 1 1 1 1 1 1 1 1 1 1 1 1 1 1 1 1 1 . . . . . . 1 1 1 1 Propulsion 4 | . . . . . 4 7 7 7 7 7 7 7 6 6 6 6 6 6 6 6 6 6 5 . . . . . . . . . 2 2 2 2 Utility 27 | . . . . . . 19 24 29 34 34 34 34 34 34 34 34 34 33 33 33 33 33 33 33 33 33 33 33 33 33 33 33 33 33 32 32 Weapon 17 | . 1 1 1 1 6 10 15 17 18 18 18 18 18 18 18 17 18 18 18 18 18 18 18 18 18 18 18 18 18 18 18 26 30 32 32 31 Tool/Special . | . . . . . . . . . . . . . . . . . . . . . . . . . . . . . . . . . . . . . Unused Backups 48 | . . . . . . . . . . . . . . . . . . . . . . . . . . . . . . . . . . . . 48 Power . | . . . . . . . . . . . . . . . . . . . . . . . . . . . . . . . . . . . . . Propulsion . | . . . . . . . . . . . . . . . . . . . . . . . . . . . . . . . . . . . . . Utility 32 | . . . . . . . . . . . . . . . . . . . . . . . . . . . . . . . . . . . . 32 Weapon 11 | . . . . . . . . . . . . . . . . . . . . . . . . . . . . . . . . . . . . 11 Tool/Special 5 | . . . . . . . . . . . . . . . . . . . . . . . . . . . . . . . . . . . . 5 Average Slot Usage (%) 73 | . 30 34 35 38 36 43 75 79 80 80 80 80 81 84 84 83 84 82 80 80 80 75 74 88 88 88 89 92 92 91 92 93 78 88 90 73 Core 1 | . . . . . . . 2 3 3 3 3 3 3 3 3 3 3 3 3 3 3 3 3 3 3 3 . . . . . . . . . . Flight 8 | . . 3 4 7 7 7 7 4 3 3 3 3 4 7 7 7 7 7 7 7 7 5 5 19 19 19 19 19 19 19 19 19 19 19 19 9 Device 18 | . 7 7 7 7 7 10 20 23 23 23 23 23 23 23 23 23 23 22 23 23 23 19 19 19 19 19 19 19 19 21 26 23 11 15 15 12 Processor 9 | . 3 3 3 3 3 3 7 8 11 11 11 11 11 11 11 11 11 11 11 11 11 11 11 11 11 11 11 11 11 11 11 11 18 19 19 17 Hackware 20 | . . . . . 1 3 23 26 26 26 26 26 26 26 26 26 26 25 26 26 26 26 26 26 26 26 26 26 26 26 26 24 16 19 21 20 Protection 2 | . 7 7 7 7 7 4 3 3 3 3 3 3 3 3 3 3 3 2 . . . . . . . . . 3 3 3 3 2 . . . . Energy Cannon 1 | . . . . . . . 3 . . . . . . . . 2 3 3 3 3 3 3 3 3 3 3 3 3 3 3 3 6 2 3 5 2 Special Weapon 1 | . . . . . . . 2 3 3 3 3 3 3 3 3 . 3 3 3 3 3 3 3 3 3 3 3 3 3 1 . . 2 . . 3 Peak Build Rating 223 | 10 11 11 43 43 56 100 122 126 126 126 126 126 130 135 132 134 133 133 130 130 132 132 108 107 107 107 118 118 118 123 123 163 219 219 223 223 Average Rating 118 | 5 10 11 25 43 51 73 117 122 126 126 126 126 127 131 132 132 133 131 130 130 131 116 97 107 107 106 110 118 118 118 123 149 176 219 221 185 On Entrance 111 | . 10 11 11 43 43 56 100 122 126 126 126 126 126 130 132 132 133 133 130 130 130 132 96 104 107 107 104 118 118 118 123 123 131 219 219 223 Avg Prop Armor Cover (%) 28 | . . . . . . . . . . . . . . . . . . . . . . 28 . . . . . . . . . . . . . . Naked Turns . | . . . . . . . . . . . . . . . . . . . . . . . . . . . . . . . . . . . . . Heaviest Build 109 | 13 13 13 13 13 13 36 46 40 39 39 39 39 39 39 39 45 40 40 29 29 29 29 25 25 25 25 31 31 31 46 46 84 102 102 109 109 Greatest Support 596 | 543 544 544 594 594 596 596 596 596 590 590 590 590 596 596 596 596 596 596 596 596 596 596 568 567 567 567 567 567 567 567 567 569 569 569 569 569 Greatest Overweight (x) . | . . . . . . . . . . . . . . . . . . . . . . . . . . . . . . . . . . . . . Average Overweight (x) . | . . . . . . . . . . . . . . . . . . . . . . . . . . . . . . . . . . . . . Largest Inventory Capacity 114 | 114 114 114 114 114 114 114 114 114 114 114 114 114 114 114 114 114 114 114 114 114 114 114 114 114 114 114 114 114 114 114 114 114 114 114 114 114 Average Capacity 114 | 114 114 114 114 114 114 114 114 114 114 114 114 114 114 114 114 114 114 114 114 114 114 114 114 114 114 114 114 114 114 114 114 114 114 114 114 114 Most Carried 79 | 1 1 1 1 1 18 50 51 61 61 61 61 61 61 60 60 61 60 60 59 59 60 60 60 54 54 54 54 54 54 54 54 74 78 78 78 79 Average Carried 53 | . 1 1 1 1 12 37 47 55 61 61 61 61 60 60 60 60 60 59 59 59 59 60 59 54 54 54 53 54 54 54 54 65 74 78 77 76 Final Capacity 114 | 114 114 114 114 114 114 114 114 114 114 114 114 114 114 114 114 114 114 114 114 114 114 114 114 114 114 114 114 114 114 114 114 114 114 114 114 114 Final Carried 78 | 1 1 1 1 1 18 50 49 61 61 61 61 61 60 60 60 60 60 59 59 59 60 60 55 54 54 54 54 54 54 54 54 74 78 78 77 76 Class Distribution -------------------- 100% | Wizard-Scout Dominant Class ---------------- Wizard-Scout | -10/Materials Wizard-Scout | -10/Mines Wizard-Scout | -10/Exiles Wizard-Scout | -9/Mines Wizard-Scout | -8/Materials Wizard-Scout | -8/Garrison Wizard-Scout | -8/Materials Wizard-Scout | -8/Garrison Wizard-Scout | -7/Factory Wizard-Scout | -7/Lower Caves Wizard-Scout | -7/Lower Caves Wizard-Scout | -7/Data Miner Wizard-Scout | -6/Proximity Caves Wizard-Scout | -6/Factory Wizard-Scout | -6/Extension Wizard-Scout | -6/Cetus Wizard-Scout | -6/Archives Wizard-Scout | -6/Hub_04(d) Wizard-Scout | -5/Factory Wizard-Scout | -5/Upper Caves Wizard-Scout | -5/Upper Caves Wizard-Scout | -5/Warlord Wizard-Scout | -4/Proximity Caves Wizard-Scout | -4/Factory Wizard-Scout | -4/Upper Caves Wizard-Scout | -4/Upper Caves Wizard-Scout | -4/Zhirov Wizard-Scout | -3/Proximity Caves Wizard-Scout | -3/Research Wizard-Scout | -3/Garrison Wizard-Scout | -3/Research Wizard-Scout | -3/Armory Wizard-Scout | -3/Lab Wizard-Scout | -2/Research Wizard-Scout | -1/Access Wizard-Scout | -1/Command Resources | -11 -10 -10 -10 -9 -8 -8 -8 -8 -7 -7 -7 -7 -6 -6 -6 -6 -6 -6 -5 -5 -5 -5 -4 -4 -4 -4 -4 -3 -3 -3 -3 -3 -3 -2 -1 -1 ----------- Run | Yrd Mat Min Exi Min Mat Gar Mat Gar Fac Low Low Dat Pro Fac Ext Cet Arc Hub Fac Upp Upp War Pro Fac Upp Upp Zhi Pro Res Gar Res Arm Lab Res Acc Com Matter Collected 6953 | 322 116 . 74 . 91 3500 207 1007 . . 131 . 60 . 261 329 . 318 . . . 12 85 . . . . . . . 93 277 . . 70 . Remotely 4040 | 172 116 . 74 . 91 3500 87 . . . . . . . . . . . . . . . . . . . . . . . . . . . . . Salvage Created 5005 | 80 . . . . 35 1708 183 1220 105 . 78 . . . 98 70 . 472 . . . 123 . . . . . . . . . 350 93 . . 390 Parts 274 | 5 . . . . 8 113 4 62 5 . 6 . . . 3 2 5 9 . . . 10 . . . . . . . . . 19 1 . 5 17 Haulers Intercepted . | . . . . . . . . . . . . . . . . . . . . . . . . . . . . . . . . . . . . . Recyclers Shooed . | . . . . . . . . . . . . . . . . . . . . . . . . . . . . . . . . . . . . . Parts Field Recycled . | . . . . . . . . . . . . . . . . . . . . . . . . . . . . . . . . . . . . . Retrieved Matter . | . . . . . . . . . . . . . . . . . . . . . . . . . . . . . . . . . . . . . Parts Self-Destructed . | . . . . . . . . . . . . . . . . . . . . . . . . . . . . . . . . . . . . . Prevented . | . . . . . . . . . . . . . . . . . . . . . . . . . . . . . . . . . . . . . Parts Restored . | . . . . . . . . . . . . . . . . . . . . . . . . . . . . . . . . . . . . . Kills | -11 -10 -10 -10 -9 -8 -8 -8 -8 -7 -7 -7 -7 -6 -6 -6 -6 -6 -6 -5 -5 -5 -5 -4 -4 -4 -4 -4 -3 -3 -3 -3 -3 -3 -2 -1 -1 ------- Run | Yrd Mat Min Exi Min Mat Gar Mat Gar Fac Low Low Dat Pro Fac Ext Cet Arc Hub Fac Upp Upp War Pro Fac Upp Upp Zhi Pro Res Gar Res Arm Lab Res Acc Com Combat Hostiles Destroyed 105 | . . . . . 1 36 2 35 2 . 3 . . . 4 1 1 2 . . . 2 . . . . . . . . . 4 1 . 1 10 Guns 28 | . . . . . . 27 . . . . . . . . . . . . . . . . . . . . . . . . . . . . 1 . Cannons 69 | . . . . . . 6 2 35 2 . 3 . . . 4 1 1 1 . . . 2 . . . . . . . . . 4 . . . 8 AOE 1 | . . . . . . 1 . . . . . . . . . . . . . . . . . . . . . . . . . . . . . . Classes Destroyed 18 | 2 . . . . 2 6 1 2 . . 1 . . . . . . 1 . . . 1 . . . . . . . . . 2 . . . . Worker 2 | . . . . . . . 1 . . . . . . . . . . 1 . . . . . . . . . . . . . . . . . . Tunneler 2 | 1 . . . . . . . . . . . . . . . . . 1 . . . . . . . . . . . . . . . . . . Recycler 2 | 1 . . . . . . . . . . . . . . . . . 1 . . . . . . . . . . . . . . . . . . Mechanic 1 | . . . . . . . . . . . . . . . . . . . . . . . . . . . . . . . . 1 . . . . Operator 1 | . . . . . . . . . . . . . . . . . . . . . . . . . . . . . . . . 1 . . . . Watcher 3 | . . . . . 1 . 1 1 . . . . . . . . . . . . . . . . . . . . . . . . . . . . Swarmer 13 | . . . . . . 3 . 4 . . . . . . 2 . . . . . . . . . . . . . . . . . . . . 4 Cutter 2 | . . . . . . 2 . . . . . . . . . . . . . . . . . . . . . . . . . . . . . . Grunt 34 | . . . . . . 18 1 11 . . 2 . . . 1 . . . . . . . . . . . . . . . . 1 . . . . Brawler 2 | . . . . . . . . 1 . . . . . . . . . 1 . . . . . . . . . . . . . . . . . . Duelist 2 | . . . . . . . . 2 . . . . . . . . . . . . . . . . . . . . . . . . . . . . Protector 1 | . . . . . . . . . . . . . . . . . . 1 . . . . . . . . . . . . . . . . . . Sentry 19 | . . . . . 1 3 . 9 1 . 1 . . . 1 . 1 1 . . . . . . . . . . . . . . . . 1 . Specialist 1 | . . . . . . 1 . . . . . . . . . . . . . . . . . . . . . . . . . . . . . . Hunter 11 | . . . . . . 3 1 1 . . . . . . . . . . . . . . . . . . . . . . . 2 . . . 4 Programmer 14 | . . . . . . 6 . 7 1 . . . . . . . . . . . . . . . . . . . . . . . . . . . Cetus Guard 1 | . . . . . . . . . . . . . . . . 1 . . . . . . . . . . . . . . . . . . . . Combat Programmer 2 | . . . . . . . . . . . . . . . . . . . . . . . . . . . . . . . . . . . . 2 Samaritan 1 | . . . . . . . . . . . 1 . . . . . . . . . . . . . . . . . . . . . . . . . Marauder 2 | . . . . . . . . . . . . . . . . . . . . . . 2 . . . . . . . . . . . . . . Best Kill Streak 7 | 2 . . . . 1 7 1 7 1 . 3 . . . 2 1 1 3 . . . 1 . . . . . . . . . 3 1 . 1 6 Combat Bots Only 7 | . . . . . 1 7 1 7 1 . 3 . . . 2 1 1 1 . . . 1 . . . . . . . . . 2 1 . 1 6 Max Kills in Single Turn 3 | 1 . . . . 1 2 1 1 1 . 1 . . . 1 1 1 3 . . . 1 . . . . . . . . . 1 1 . 1 1 Gunslinging 1 | . . . . . . 1 . . . . . . . . . . . . . . . . . . . . . . . . . . . . . . Exploded 1 | . . . . . . 1 . . . . . . . . . . . . . . . . . . . . . . . . . . . . . . Melee . | . . . . . . . . . . . . . . . . . . . . . . . . . . . . . . . . . . . . . Uniques/NPCs Destroyed 2 | . . . . . . . . . . . . . . . . . . . . . . . . . . . . . . . . 1 1 . . . V4-D3R (-3/Armory) A5 (-3/Lab) Combat | -11 -10 -10 -10 -9 -8 -8 -8 -8 -7 -7 -7 -7 -6 -6 -6 -6 -6 -6 -5 -5 -5 -5 -4 -4 -4 -4 -4 -3 -3 -3 -3 -3 -3 -2 -1 -1 -------- Run | Yrd Mat Min Exi Min Mat Gar Mat Gar Fac Low Low Dat Pro Fac Ext Cet Arc Hub Fac Upp Upp War Pro Fac Upp Upp Zhi Pro Res Gar Res Arm Lab Res Acc Com Hostile Shots Fired 2233 | . . . . . 13 226 57 179 117 11 11 . 70 114 152 68 23 142 4 3 28 138 46 . . 13 . 16 . 45 14 139 20 2 166 416 Missed 1007 | . . . . . 5 79 32 69 64 3 8 . 39 76 76 28 14 67 2 2 10 75 19 . . 5 . 11 . 21 10 62 10 1 75 144 Hits 1226 | . . . . . 8 147 25 110 53 8 3 . 31 38 76 40 9 75 2 1 18 63 27 . . 8 . 5 . 24 4 77 10 1 91 272 Melee 28 | . . . . . . 2 . 1 . . . . . . . . . . . . . 4 . . . . . . . 4 . 17 . . . . Projectile 1198 | . . . . . 8 145 25 109 53 8 3 . 31 38 76 40 9 75 2 1 18 59 27 . . 8 . 5 . 20 4 60 10 1 91 272 AOE 36 | . . . . . . . . . . . . . . . . . . . . . . . . . . . . . . . . . . . . 36 Critical Strikes 73 | . . . . . . 5 1 8 1 . . . . . 2 3 . 6 . . . 5 2 . . . . 1 . 5 . 7 1 . 3 23 Actively Blocked 3 | . . . . . . . . . . . . . . . . . . . . . . . . . . . . . . 1 . 2 . . . . Part Disruptions 9 | . . . . . . . . . . . . . . . . . . 1 . . . 5 . . . . . . . . . . . . . 3 Damage Taken 9874 | . . . . . 52 1046 145 510 92 36 6 . 144 68 242 371 66 1222 19 8 115 1024 194 . . 65 . 34 . 244 20 1319 80 6 387 2359 Core 7360 | . . . . . 35 767 94 348 40 28 4 . 96 30 145 258 47 943 15 6 89 821 148 . . 52 . 27 . 166 11 958 64 4 305 1859 Absorbed by Shields 5430 | . . . . . . . 18 237 62 16 4 . 66 45 124 142 27 193 . . . 9 . . . . . . . 60 21 1369 85 6 429 2517 Redirected to Core 6134 | . . . . . 29 674 81 320 36 14 . . 83 29 121 212 39 781 15 6 70 671 128 . . 35 . 22 . 131 11 747 47 4 248 1580 Redirected to Shielding 222 | . . . . . 9 55 . . . . . . . . . . . . . . . . . . . . . . . 34 4 120 . . . . Ignored by Resistances 15513 | . . . . . 72 1171 230 901 245 70 15 . 284 185 502 665 125 935 25 11 157 1012 263 . . 86 . 47 . 277 53 1802 95 15 1085 5185 Core Remaining (%) 68 | 100 . . . 100 . . . 87 . . . . 86 . . . . 72 . . . . 62 . . . . 57 . . . . 46 46 . 25 Volleys Fired 616 | 3 . . . . 10 120 29 143 16 3 7 . . 13 23 42 9 27 2 2 3 29 . 12 . 1 1 . . 13 . 35 17 . 13 43 Largest 2 | 2 . . . . 1 2 1 1 1 1 1 . . 1 1 2 1 1 1 1 1 1 . 1 . 1 1 . . 1 . 2 2 . 2 2 Hottest 240 | 40 . . . . 45 160 85 85 40 5 40 . . 40 40 160 85 85 5 85 85 85 . 85 . 85 5 . . 85 . 240 200 . 240 240 Shots Fired 876 | 6 . . . . 10 241 30 141 16 3 7 . . 13 23 76 9 26 2 2 3 29 . 12 . 1 1 . . 13 . 70 31 . 26 85 Gun 277 | 6 . . . . 10 223 . . . . . . . . . . . . . . . . . . . . . . . . . . 3 . 8 27 Cannon 514 | . . . . . . 18 21 141 11 . 6 . . 13 22 75 8 19 . 2 3 28 . 12 . 1 . . . 6 . 70 15 . 18 25 Launcher . | . . . . . . . . . . . . . . . . . . . . . . . . . . . . . . . . . . . . . Special 85 | . . . . . . . 9 . 5 3 1 . . . 1 1 1 7 2 . . 1 . . . . 1 . . 7 . . 13 . . 33 Kinetic 312 | 6 . . . . . 72 . 138 11 . 6 . . 13 22 44 . . . . . . . . . . . . . . . . . . . . Thermal 260 | . . . . . . 9 21 3 . . . . . . . 20 8 19 . 2 3 28 . 12 . 1 . . . 6 . 70 15 . 18 25 Explosive . | . . . . . . . . . . . . . . . . . . . . . . . . . . . . . . . . . . . . . Electromagnetic 219 | . . . . . 10 160 . . . . . . . . . 11 . . . . . . . . . . . . . . . . 3 . 8 27 Robot Hit Streak 50 | 5 . . . . 15 45 50 34 12 11 6 . . . 19 24 11 14 16 . . 25 . . . 14 15 . . 24 . 38 14 . 9 40 Robot Miss Streak 1 | . . . . . . 1 1 1 1 . 1 . . . 1 1 . 1 . . . 1 . . . . . . . . . 1 1 . . 1 Penetration Max 1 | . . . . . . 1 . 1 . . . . . . . . . . . . . . . . . . . . . . . 1 . . . . Secondary Targets 6 | . . . . . . 6 . . . . . . . . . . . . . . . . . . . . . . . . . . . . . . Max Gunslinging Chain 1 | . . . . . . 1 . . . . . . . . . . . . . . . . . . . . . . . . . . . . . . Shots Hit Robots 608 | 5 . . . . 10 186 22 102 13 3 6 . . . 21 29 9 14 2 . . 24 . . . 1 1 . . 9 . 49 22 . 7 73 Core Hits 216 | 3 . . . . 2 77 3 34 3 . 4 . . . 6 10 2 12 . . . 8 . . . . . . . 1 . 12 6 . 4 29 Critical Kills . | . . . . . . . . . . . . . . . . . . . . . . . . . . . . . . . . . . . . . Critical Parts Destroyed 1 | . . . . . . 1 . . . . . . . . . . . . . . . . . . . . . . . . . . . . . . Critical Strikes 20 | . . . . . 1 2 . 14 1 . . . . . 1 1 . . . . . . . . . . . . . . . . . . . . Destroy 1 | . . . . . . 1 . . . . . . . . . . . . . . . . . . . . . . . . . . . . . . Blast 17 | . . . . . . . . 14 1 . . . . . 1 1 . . . . . . . . . . . . . . . . . . . . Corrupt 2 | . . . . . 1 1 . . . . . . . . . . . . . . . . . . . . . . . . . . . . . . Melee Attacks . | . . . . . . . . . . . . . . . . . . . . . . . . . . . . . . . . . . . . . Impact . | . . . . . . . . . . . . . . . . . . . . . . . . . . . . . . . . . . . . . Slashing . | . . . . . . . . . . . . . . . . . . . . . . . . . . . . . . . . . . . . . Piercing . | . . . . . . . . . . . . . . . . . . . . . . . . . . . . . . . . . . . . . Sneak Attacks . | . . . . . . . . . . . . . . . . . . . . . . . . . . . . . . . . . . . . . Combat Hostiles . | . . . . . . . . . . . . . . . . . . . . . . . . . . . . . . . . . . . . . Follow-up Attacks . | . . . . . . . . . . . . . . . . . . . . . . . . . . . . . . . . . . . . . Damage Inflicted 15807 | 77 . . . . 157 3139 498 3301 262 . 199 . . . 643 1039 292 1300 . . . 703 . . . 38 . . . 113 . 1669 449 . 205 1723 Guns 3061 | 77 . . . . 157 2614 . . . . . . . . . . . . . . . . . . . . . . . . . . . . 53 160 Cannons 11240 | . . . . . . 406 498 3301 262 . 199 . . . 643 1039 292 289 . . . 703 . . . 38 . . . 113 . 1669 449 . 152 1187 Explosions 1506 | . . . . . . 119 . . . . . . . . . . . 1011 . . . . . . . . . . . . . . . . . 376 Melee . | . . . . . . . . . . . . . . . . . . . . . . . . . . . . . . . . . . . . . Ramming . | . . . . . . . . . . . . . . . . . . . . . . . . . . . . . . . . . . . . . Kinetic 6321 | 77 . . . . . 1368 . 3301 262 . 199 . . . 643 471 . . . . . . . . . . . . . . . . . . . . Thermal 6433 | . . . . . . 265 498 . . . . . . . . 402 292 289 . . . 703 . . . 38 . . . 113 . 1669 449 . 152 1563 Explosive . | . . . . . . . . . . . . . . . . . . . . . . . . . . . . . . . . . . . . . Electromagnetic 3053 | . . . . . 157 1506 . . . . . . . . . 166 . 1011 . . . . . . . . . . . . . . . . 53 160 Impact . | . . . . . . . . . . . . . . . . . . . . . . . . . . . . . . . . . . . . . Slashing . | . . . . . . . . . . . . . . . . . . . . . . . . . . . . . . . . . . . . . Piercing . | . . . . . . . . . . . . . . . . . . . . . . . . . . . . . . . . . . . . . Highest Corruption 16 | . . . . . . 2 2 5 . . . . . . . . . 16 . . . 1 1 . . . . . . . . 4 7 . . 11 Average Corruption 3 | . . . . . . 1 2 3 . . . . . . . . . 10 . . . 1 1 . . . . . . . . 3 6 . . 7 Corruption Purged . | . . . . . . . . . . . . . . . . . . . . . . . . . . . . . . . . . . . . . Corruption Blocked . | . . . . . . . . . . . . . . . . . . . . . . . . . . . . . . . . . . . . . Effects 52 | . . . . . . 8 5 21 . . . . . . . . . 7 . . . . . . . . . . . . . 2 4 . . 5 Message Errors 13 | . . . . . . 2 1 4 . . . . . . . . . 1 . . . . . . . . . . . . . 2 1 . . 2 Matter Fused 8 | . . . . . . 3 1 2 . . . . . . . . . . . . . . . . . . . . . . . . 1 . . 1 Heat Flow Errors 7 | . . . . . . 1 . 2 . . . . . . . . . 3 . . . . . . . . . . . . . . . . . 1 Energy Discharges 8 | . . . . . . 1 2 2 . . . . . . . . . 1 . . . . . . . . . . . . . . 1 . . 1 Parts Rejected 1 | . . . . . . . . 1 . . . . . . . . . . . . . . . . . . . . . . . . . . . . Parts Fused 1 | . . . . . . . . 1 . . . . . . . . . . . . . . . . . . . . . . . . . . . . Data Loss (minor) 6 | . . . . . . . . 6 . . . . . . . . . . . . . . . . . . . . . . . . . . . . Data Loss (major) 2 | . . . . . . . . 1 . . . . . . . . . . . . . . . . . . . . . . . . 1 . . . Misfires 2 | . . . . . . 1 1 . . . . . . . . . . . . . . . . . . . . . . . . . . . . . Misdirections 1 | . . . . . . . . . . . . . . . . . . 1 . . . . . . . . . . . . . . . . . . Weapon Failures 3 | . . . . . . . . 2 . . . . . . . . . 1 . . . . . . . . . . . . . . . . . . Overload Shots . | . . . . . . . . . . . . . . . . . . . . . . . . . . . . . . . . . . . . . Overflow Damage 278 | . . . . . . . 40 63 . . . . . . 27 . . 70 . . . . . . . . . . . . . 15 . . . 63 Projectiles 208 | . . . . . . . 40 63 . . . . . . 27 . . . . . . . . . . . . . . . . 15 . . . 63 Explosions 70 | . . . . . . . . . . . . . . . . . . 70 . . . . . . . . . . . . . . . . . . Melee . | . . . . . . . . . . . . . . . . . . . . . . . . . . . . . . . . . . . . . Knockbacks 27 | . . . . . . . . 23 . . 1 . . . 3 . . . . . . . . . . . . . . . . . . . . . Impact . | . . . . . . . . . . . . . . . . . . . . . . . . . . . . . . . . . . . . . Kinetic 25 | . . . . . . . . 21 . . 1 . . . 3 . . . . . . . . . . . . . . . . . . . . . Secondary 2 | . . . . . . . . 2 . . . . . . . . . . . . . . . . . . . . . . . . . . . . Self-Inflicted Damage 336 | . . . . . . 16 . . . . . . . . . . . 275 . . . . . . . . . . . . . . . . . 45 Shots 7 | . . . . . . 1 . . . . . . . . . . . 4 . . . . . . . . . . . . . . . . . 2 Rammed . | . . . . . . . . . . . . . . . . . . . . . . . . . . . . . . . . . . . . . Targets Rammed . | . . . . . . . . . . . . . . . . . . . . . . . . . . . . . . . . . . . . . Kicked . | . . . . . . . . . . . . . . . . . . . . . . . . . . . . . . . . . . . . . Crushed . | . . . . . . . . . . . . . . . . . . . . . . . . . . . . . . . . . . . . . Highest Temperature . | . . . . . . . . . . . . . . . . . . . . . . . . . . . . . . . . . . . . . Average Temperature . | . . . . . . . . . . . . . . . . . . . . . . . . . . . . . . . . . . . . . Received Heat Transfer 2371 | . . . . . 45 666 138 493 41 24 6 . 24 53 82 144 30 66 9 9 27 72 36 . . 9 . . . 39 4 103 . 4 37 210 Siege Activations . | . . . . . . . . . . . . . . . . . . . . . . . . . . . . . . . . . . . . . Martial Activations . | . . . . . . . . . . . . . . . . . . . . . . . . . . . . . . . . . . . . . Shielding Activations . | . . . . . . . . . . . . . . . . . . . . . . . . . . . . . . . . . . . . . Robots Disrupted 9 | . . . . . . 8 . . . . . . . . . . . . . . . . . . . . . . . . . . . . . 1 Combat Hostiles 9 | . . . . . . 8 . . . . . . . . . . . . . . . . . . . . . . . . . . . . . 1 Robots Corrupted 5 | . . . . . 1 2 . . . . . . . . . . . 2 . . . . . . . . . . . . . . . . . . Combat Hostiles 4 | . . . . . 1 2 . . . . . . . . . . . 1 . . . . . . . . . . . . . . . . . . Parts Fried 12 | . . . . . 1 5 . . . . . . . . . . . 6 . . . . . . . . . . . . . . . . . . Impact Corruptions 6 | . . . . . . . . . . . . . . . . . . . . . . . . . . . . . . . . . 2 . . 4 Robots Melted . | . . . . . . . . . . . . . . . . . . . . . . . . . . . . . . . . . . . . . Combat Hostiles . | . . . . . . . . . . . . . . . . . . . . . . . . . . . . . . . . . . . . . Parts Melted 4 | . . . . . . . . . . . . . . . . . . . . . . 2 . . . . . . . . . 1 . . . 1 Heat Transferred 4875 | . . . . . . 298 518 . . . . . . . . 407 296 184 . . . 814 . . . 37 . . . 111 . 745 387 . 111 967 Parts Sabotaged . | . . . . . . . . . . . . . . . . . . . . . . . . . . . . . . . . . . . . . Parts Stolen . | . . . . . . . . . . . . . . . . . . . . . . . . . . . . . . . . . . . . . Parts Stripped . | . . . . . . . . . . . . . . . . . . . . . . . . . . . . . . . . . . . . . Power Chain Reactions 4 | . . . . . . 2 . . . . . . . . . . . . . . . . . . . . . . . . . . . . . 2 Alert | -11 -10 -10 -10 -9 -8 -8 -8 -8 -7 -7 -7 -7 -6 -6 -6 -6 -6 -6 -5 -5 -5 -5 -4 -4 -4 -4 -4 -3 -3 -3 -3 -3 -3 -2 -1 -1 ------- Run | Yrd Mat Min Exi Min Mat Gar Mat Gar Fac Low Low Dat Pro Fac Ext Cet Arc Hub Fac Upp Upp War Pro Fac Upp Upp Zhi Pro Res Gar Res Arm Lab Res Acc Com Maximum Alert Level 4 | . . . . . . 4 2 4 2 . . . . . . . . 1 . . . . . . . . . . . 1 . . . . . 1 Low Security (%) 53 | 100 100 100 . 100 100 13 . 8 . . . . . 100 100 100 100 81 100 . . . . 100 . . . . 100 95 100 100 . 100 100 46 Level 1 13 | . . . . . . 19 73 4 . . . . . . . . . 18 . . . . . . . . . . . 4 . . . . . 53 Level 2 15 | . . . . . . 22 26 29 100 . . . . . . . . . . . . . . . . . . . . . . . . . . . Level 3 13 | . . . . . . 35 . 39 . . . . . . . . . . . . . . . . . . . . . . . . . . . . Level 4 4 | . . . . . . 9 . 17 . . . . . . . . . . . . . . . . . . . . . . . . . . . . Level 5 . | . . . . . . . . . . . . . . . . . . . . . . . . . . . . . . . . . . . . . High Security . | . . . . . . . . . . . . . . . . . . . . . . . . . . . . . . . . . . . . . Max Security . | . . . . . . . . . . . . . . . . . . . . . . . . . . . . . . . . . . . . . Peak Influence 1294 | 5 2 . . . 60 1247 445 1294 504 . . . . 16 110 107 94 345 124 . . . . 6 . . . . . 212 89 88 . . 75 367 Initial 504 | . 2 . . . . 29 445 179 504 . . . . 14 3 46 17 11 124 . . . . 2 . . . . . . 89 28 . . . 29 Average 325 | 1 . . . . 3 633 387 787 450 . . . . 4 16 63 56 109 97 . . . . 1 . . . . . 94 82 33 . . 10 208 Influence Increases 5384 | 10 . . . . 67 1228 117 1115 114 30 60 . 45 37 334 196 107 708 10 . 30 . 15 12 . 30 . . . 272 . 188 . . 111 548 Destroy 0b10 Robot/C 2480 | . . . . . 20 720 40 700 60 . 60 . . . 200 160 80 100 . . . . . . . . . . . 80 . 40 . . 20 200 Destroy 0b10 Robot/NC 70 | 10 . . . . 5 . 10 5 . . . . . . . . . 20 10 . . . . . . . . . . . . 10 . . . . Destroy Leader 224 | . . . . . 12 30 2 30 20 . . . . . 40 . . 30 . . . . . . . . . . . 10 . 10 . . 10 30 Allied During Kill 92 | . . . . . . . . . . . . . . . 13 27 24 16 . . . . . . . . . . . 12 . . . . . . Trap Triggered on 0b10 10 | . . . . . . . . . . . . . . 10 . . . . . . . . . . . . . . . . . . . . . . Disable Machine 152 | . . . . . . . . 4 . . . . . 4 4 4 . 104 . . . . . . . . . . . . . 28 . . . 4 Anti-Garrison Action 650 | . . . . . . 350 . 250 . . . . . . . . . . . . . . . . . . . . . 50 . . . . . . Destroy Structure 821 | . . . . . . 68 5 66 4 . . . . 8 2 5 3 363 . . . . . 12 . . . . . 15 . 10 . . 6 254 Partial Spotted 75 | . . . . . . . . 15 15 . . . . 15 15 . . . . . . . . . . . . . . . . 15 . . . . Lose Combat Pursuer 810 | . . . . . 30 60 60 45 15 30 . . 45 . 60 . . 75 . . 30 . 15 . . 30 . . . 105 . 75 . . 75 60 Influence Decreases 5092 | 5 5 . . . 7 41 1002 183 960 344 109 85 15 56 235 244 120 412 281 74 . 30 10 15 2 25 5 . . 60 138 262 . . 51 316 Entered New Map 2848 | . 3 . . . . 31 802 183 790 234 49 85 . 16 8 64 45 38 221 39 . 30 . 3 2 . 5 . . . 123 46 . . . 31 Time Decay 1673 | 5 2 . . . 7 . 180 . 150 90 60 . 15 40 159 180 75 162 60 35 . . . 12 . 15 . . . . 15 165 . . 51 195 Lost Part 191 | . . . . . . 10 . . . . . . . . . . . 20 . . . . 10 . . 10 . . . . . 51 . . . 90 Lost Ally 380 | . . . . . . . 20 . 20 20 . . . . 68 . . 192 . . . . . . . . . . . 60 . . . . . . Squads Dispatched 9 | . . . . . . . 1 . 1 . . . . 1 . . . 2 . . . . 1 . . . . . . . . 2 . . 1 . Investigation . | . . . . . . . . . . . . . . . . . . . . . . . . . . . . . . . . . . . . . Extermination 4 | . . . . . . . . . . . . . . 1 . . . 1 . . . . . . . . . . . . . 1 . . 1 . Reinforcement 4 | . . . . . . . 1 . 1 . . . . . . . . 1 . . . . . . . . . . . . . 1 . . . . Assault 1 | . . . . . . . . . . . . . . . . . . . . . . . 1 . . . . . . . . . . . . . Garrison . | . . . . . . . . . . . . . . . . . . . . . . . . . . . . . . . . . . . . . Intercept . | . . . . . . . . . . . . . . . . . . . . . . . . . . . . . . . . . . . . . Searches Triggered . | . . . . . . . . . . . . . . . . . . . . . . . . . . . . . . . . . . . . . Unchained Authorized 1 | . . . . . . . . . . . . . . . . . . . . . . . . . . . . . . . . 1 . . . . Construction Impeded 2 | . . . . . . . 1 . . . . . . . . . . 1 . . . . . . . . . . . . . . . . . . Haulers Reinforced . | . . . . . . . . . . . . . . . . . . . . . . . . . . . . . . . . . . . . . Active Scanning Responses . | . . . . . . . . . . . . . . . . . . . . . . . . . . . . . . . . . . . . . Cargo Convoy Interrupts . | . . . . . . . . . . . . . . . . . . . . . . . . . . . . . . . . . . . . . Stealth | -11 -10 -10 -10 -9 -8 -8 -8 -8 -7 -7 -7 -7 -6 -6 -6 -6 -6 -6 -5 -5 -5 -5 -4 -4 -4 -4 -4 -3 -3 -3 -3 -3 -3 -2 -1 -1 --------- Run | Yrd Mat Min Exi Min Mat Gar Mat Gar Fac Low Low Dat Pro Fac Ext Cet Arc Hub Fac Upp Upp War Pro Fac Upp Upp Zhi Pro Res Gar Res Arm Lab Res Acc Com Distress Signals 10 | . . . . . . . 1 . . . . . . . . . . 6 . . . . . . . . . . . . . 1 . . 2 . Communications Jammed . | . . . . . . . . . . . . . . . . . . . . . . . . . . . . . . . . . . . . . Distress Signals . | . . . . . . . . . . . . . . . . . . . . . . . . . . . . . . . . . . . . . Times Spotted 364 | . 1 . . . 5 40 19 40 8 6 3 . 9 2 16 10 4 27 4 2 8 35 17 . . 4 . 2 . 20 3 33 1 2 25 18 Peak Tracking Total 38 | . 1 . . . 4 4 6 8 4 3 3 . 7 2 7 5 3 9 2 3 6 38 18 . . 3 . 2 . 11 3 23 1 2 22 11 Tactical Retreats 29 | . . . . . 1 3 3 2 1 1 . . 1 . 2 . . 2 . . 1 3 1 . . 1 . . . 2 . 3 . . 1 1 Traps | -11 -10 -10 -10 -9 -8 -8 -8 -8 -7 -7 -7 -7 -6 -6 -6 -6 -6 -6 -5 -5 -5 -5 -4 -4 -4 -4 -4 -3 -3 -3 -3 -3 -3 -2 -1 -1 ------- Run | Yrd Mat Min Exi Min Mat Gar Mat Gar Fac Low Low Dat Pro Fac Ext Cet Arc Hub Fac Upp Upp War Pro Fac Upp Upp Zhi Pro Res Gar Res Arm Lab Res Acc Com Traps Triggered 29 | . . . . . . 5 . 9 1 . . . . . 2 . . 1 . . . 4 . . . . . . . 2 . 5 . . . . Indirectly . | . . . . . . . . . . . . . . . . . . . . . . . . . . . . . . . . . . . . . Trap Hack Attempts . | . . . . . . . . . . . . . . . . . . . . . . . . . . . . . . . . . . . . . Triggered . | . . . . . . . . . . . . . . . . . . . . . . . . . . . . . . . . . . . . . Disarmed . | . . . . . . . . . . . . . . . . . . . . . . . . . . . . . . . . . . . . . Reprogrammed 7 | . . . . . . . . . . . . . . 3 . . . 4 . . . . . . . . . . . . . . . . . . Reused 1 | . . . . . . . . . . . . . . 1 . . . . . . . . . . . . . . . . . . . . . . Traps Extracted . | . . . . . . . . . . . . . . . . . . . . . . . . . . . . . . . . . . . . . Installed . | . . . . . . . . . . . . . . . . . . . . . . . . . . . . . . . . . . . . . Triggered 1 | . . . . . . . . . . . . . . 1 . . . . . . . . . . . . . . . . . . . . . . Machines | -11 -10 -10 -10 -9 -8 -8 -8 -8 -7 -7 -7 -7 -6 -6 -6 -6 -6 -6 -5 -5 -5 -5 -4 -4 -4 -4 -4 -3 -3 -3 -3 -3 -3 -2 -1 -1 ---------- Run | Yrd Mat Min Exi Min Mat Gar Mat Gar Fac Low Low Dat Pro Fac Ext Cet Arc Hub Fac Upp Upp War Pro Fac Upp Upp Zhi Pro Res Gar Res Arm Lab Res Acc Com Machines Disabled 63 | . . . . . . 8 . 8 . . . . . 1 2 2 . 26 . . 1 . . . . . . . . 1 . 7 6 . . 1 Max in Single Turn 14 | . . . . . . 1 . 1 . . . . . 1 1 1 . 14 . . 1 . . . . . . . . . . 1 2 . . 1 Garrison Relay 15 | . . . . . . 7 . 7 . . . . . . . . . . . . . . . . . . . . . 1 . . . . . . Network Hub 4 | . . . . . . . . . . . . . . . . . . 4 . . . . . . . . . . . . . . . . . . Machines Repaired . | . . . . . . . . . . . . . . . . . . . . . . . . . . . . . . . . . . . . . Machines Dismantled . | . . . . . . . . . . . . . . . . . . . . . . . . . . . . . . . . . . . . . Machines Sabotaged . | . . . . . . . . . . . . . . . . . . . . . . . . . . . . . . . . . . . . . Overloaded Fab Kills . | . . . . . . . . . . . . . . . . . . . . . . . . . . . . . . . . . . . . . Hacking | -11 -10 -10 -10 -9 -8 -8 -8 -8 -7 -7 -7 -7 -6 -6 -6 -6 -6 -6 -5 -5 -5 -5 -4 -4 -4 -4 -4 -3 -3 -3 -3 -3 -3 -2 -1 -1 --------- Run | Yrd Mat Min Exi Min Mat Gar Mat Gar Fac Low Low Dat Pro Fac Ext Cet Arc Hub Fac Upp Upp War Pro Fac Upp Upp Zhi Pro Res Gar Res Arm Lab Res Acc Com Machines Accessed 52 | . 2 . 1 . 2 4 2 3 2 . . 4 . 2 1 3 . 6 1 . . 1 . 1 . . 4 . 1 1 2 2 2 1 4 . Terminals 37 | . 2 . . . 1 4 1 3 2 . . . . 2 1 3 . 6 1 . . . . 1 . . . . . 1 2 2 . 1 4 . Fabricators . | . . . . . . . . . . . . . . . . . . . . . . . . . . . . . . . . . . . . . Repair Stations . | . . . . . . . . . . . . . . . . . . . . . . . . . . . . . . . . . . . . . Recycling Units . | . . . . . . . . . . . . . . . . . . . . . . . . . . . . . . . . . . . . . Scanalyzers . | . . . . . . . . . . . . . . . . . . . . . . . . . . . . . . . . . . . . . Garrison Access 3 | . . . . . 1 . 1 . . . . . . . . . . . . . . . . . . . . . 1 . . . . . . . Total Hacks 147 | . 7 . 9 . 5 4 2 3 3 . . 31 . 2 6 9 . 12 1 . . 1 . 1 . . 17 . 1 1 2 2 22 2 4 . Successful 147 | . 7 . 9 . 5 4 2 3 3 . . 31 . 2 6 9 . 12 1 . . 1 . 1 . . 17 . 1 1 2 2 22 2 4 . Failed . | . . . . . . . . . . . . . . . . . . . . . . . . . . . . . . . . . . . . . Catastrophic . | . . . . . . . . . . . . . . . . . . . . . . . . . . . . . . . . . . . . . Database Lockouts . | . . . . . . . . . . . . . . . . . . . . . . . . . . . . . . . . . . . . . Manual 35 | . 2 . 1 . 4 . 1 . 2 . . . . 2 . 1 1 12 1 . . . . 1 . . . . . . 2 1 1 2 1 . Terminals 64 | . 7 . . . 4 4 1 3 3 . . . . 2 6 9 . 12 1 . . . . 1 . . . . . 1 2 2 . 2 4 . Fabricators . | . . . . . . . . . . . . . . . . . . . . . . . . . . . . . . . . . . . . . Repair Stations . | . . . . . . . . . . . . . . . . . . . . . . . . . . . . . . . . . . . . . Recycling Units . | . . . . . . . . . . . . . . . . . . . . . . . . . . . . . . . . . . . . . Scanalyzers . | . . . . . . . . . . . . . . . . . . . . . . . . . . . . . . . . . . . . . Garrison Access 3 | . . . . . 1 . 1 . . . . . . . . . . . . . . . . . . . . . 1 . . . . . . . Terminal Hacks 144 | . 7 . 9 . 4 4 1 3 3 . . 31 . 2 6 9 . 12 1 . . 1 . 1 . . 17 . . 1 2 2 22 2 4 . Record 57 | . . . 9 . . . . . . . . 11 . . 2 8 . . . . . . . . . . 5 . . . . 1 21 . . . Part Schematic 18 | . . . . . . . . . . . . 13 . . 1 . . . . . . . . . . . 4 . . . . . . . . . Robot Schematic 4 | . . . . . . . . . . . . 4 . . . . . . . . . . . . . . . . . . . . . . . . Robot Analysis 4 | . . . . . . . . . . . . . . . . . . . . . . . . . . . 4 . . . . . . . . . Prototype ID Bank 10 | . 1 . . . 1 . . . . . . 3 . . 1 . . . . . . . . . . . 4 . . . . . . . . . Open Door 7 | . . . . . . 1 . 1 . . . . . . . 1 . . . . . 1 . . . . . . . . . . . . 3 . Open DSF 1 | . . . . . . . . . 1 . . . . . . . . . . . . . . . . . . . . . . . . . . . Level Access Points 3 | . . . . . . . . . . . . . . . . . . 1 . . . . . . . . . . . . 1 . . 1 . . Branch Access Points 10 | . 1 . . . 1 . . . 1 . . . . 1 . . . 1 1 . . . . 1 . . . . . . 1 . . 1 1 . Emergency Access Points 4 | . 1 . . . . 1 . 1 . . . . . . . . . . . . . . . . . . . . . 1 . . . . . . Machine Index 3 | . 1 . . . 1 . . . . . . . . . . . . 1 . . . . . . . . . . . . . . . . . . Garrison Index 5 | . . . . . 1 . 1 . 1 . . . . . 1 . . 1 . . . . . . . . . . . . . . . . . . Alert Level 1 | . . . . . . . . . . . . . . . 1 . . . . . . . . . . . . . . . . . . . . . Reprogram Traps 3 | . . . . . . . . . . . . . . 1 . . . 2 . . . . . . . . . . . . . . . . . . Security Status 1 | . 1 . . . . . . . . . . . . . . . . . . . . . . . . . . . . . . . . . . . Surveillance Status 1 | . 1 . . . . . . . . . . . . . . . . . . . . . . . . . . . . . . . . . . . Hauler Manifests 1 | . 1 . . . . . . . . . . . . . . . . . . . . . . . . . . . . . . . . . . . Zone Layout 7 | . . . . . . . . . . . . . . . . . . 6 . . . . . . . . . . . . . 1 . . . . Garrison Registry 2 | . . . . . . 1 . 1 . . . . . . . . . . . . . . . . . . . . . . . . . . . . Security Stations 1 | . . . . . . 1 . . . . . . . . . . . . . . . . . . . . . . . . . . . . . . Release Object 1 | . . . . . . . . . . . . . . . . . . . . . . . . . . . . . . . . . 1 . . . Fabricator Hacks . | . . . . . . . . . . . . . . . . . . . . . . . . . . . . . . . . . . . . . Repair Station Hacks . | . . . . . . . . . . . . . . . . . . . . . . . . . . . . . . . . . . . . . Recycling Unit Hacks . | . . . . . . . . . . . . . . . . . . . . . . . . . . . . . . . . . . . . . Scanalyzer . | . . . . . . . . . . . . . . . . . . . . . . . . . . . . . . . . . . . . . Garrison Access Hacks 3 | . . . . . 1 . 1 . . . . . . . . . . . . . . . . . . . . . 1 . . . . . . . Unlock Access 3 | . . . . . 1 . 1 . . . . . . . . . . . . . . . . . . . . . 1 . . . . . . . Unauthorized Hacks . | . . . . . . . . . . . . . . . . . . . . . . . . . . . . . . . . . . . . . Terminals . | . . . . . . . . . . . . . . . . . . . . . . . . . . . . . . . . . . . . . Fabricators . | . . . . . . . . . . . . . . . . . . . . . . . . . . . . . . . . . . . . . Repair Stations . | . . . . . . . . . . . . . . . . . . . . . . . . . . . . . . . . . . . . . Recycling Units . | . . . . . . . . . . . . . . . . . . . . . . . . . . . . . . . . . . . . . Scanalyzers . | . . . . . . . . . . . . . . . . . . . . . . . . . . . . . . . . . . . . . Garrison Access . | . . . . . . . . . . . . . . . . . . . . . . . . . . . . . . . . . . . . . Data Cores Recovered . | . . . . . . . . . . . . . . . . . . . . . . . . . . . . . . . . . . . . . Used . | . . . . . . . . . . . . . . . . . . . . . . . . . . . . . . . . . . . . . Hacking Detections 8 | . 1 . . . 1 . . . . . . . . . 1 2 . 1 . . . . . . . . . . . 1 . . . 1 . . Full Trace Events . | . . . . . . . . . . . . . . . . . . . . . . . . . . . . . . . . . . . . . Feedback Events . | . . . . . . . . . . . . . . . . . . . . . . . . . . . . . . . . . . . . . Feedback Blocked . | . . . . . . . . . . . . . . . . . . . . . . . . . . . . . . . . . . . . . Robot Schematics Acquired 4 | . . . . . . . . . . . . 4 . . . . . . . . . . . . . . . . . . . . . . . . Robots Built . | . . . . . . . . . . . . . . . . . . . . . . . . . . . . . . . . . . . . . Authchips . | . . . . . . . . . . . . . . . . . . . . . . . . . . . . . . . . . . . . . Time . | . . . . . . . . . . . . . . . . . . . . . . . . . . . . . . . . . . . . . Total Robot Build Rating . | . . . . . . . . . . . . . . . . . . . . . . . . . . . . . . . . . . . . . Part Schematics Acquired 18 | . . . . . . . . . . . . 13 . . 1 . . . . . . . . . . . 4 . . . . . . . . . Parts Built . | . . . . . . . . . . . . . . . . . . . . . . . . . . . . . . . . . . . . . Authchips . | . . . . . . . . . . . . . . . . . . . . . . . . . . . . . . . . . . . . . Time . | . . . . . . . . . . . . . . . . . . . . . . . . . . . . . . . . . . . . . Total Part Build Rating . | . . . . . . . . . . . . . . . . . . . . . . . . . . . . . . . . . . . . . Part Studies Acquired . | . . . . . . . . . . . . . . . . . . . . . . . . . . . . . . . . . . . . . Parts Repaired . | . . . . . . . . . . . . . . . . . . . . . . . . . . . . . . . . . . . . . Time . | . . . . . . . . . . . . . . . . . . . . . . . . . . . . . . . . . . . . . Parts Recycled . | . . . . . . . . . . . . . . . . . . . . . . . . . . . . . . . . . . . . . Recycled Matter . | . . . . . . . . . . . . . . . . . . . . . . . . . . . . . . . . . . . . . Retrieved Matter . | . . . . . . . . . . . . . . . . . . . . . . . . . . . . . . . . . . . . . Retrieved Components . | . . . . . . . . . . . . . . . . . . . . . . . . . . . . . . . . . . . . . Parts Scanalyzed . | . . . . . . . . . . . . . . . . . . . . . . . . . . . . . . . . . . . . . Part Schematics Acquired . | . . . . . . . . . . . . . . . . . . . . . . . . . . . . . . . . . . . . . Parts Damaged . | . . . . . . . . . . . . . . . . . . . . . . . . . . . . . . . . . . . . . Bothacking | -11 -10 -10 -10 -9 -8 -8 -8 -8 -7 -7 -7 -7 -6 -6 -6 -6 -6 -6 -5 -5 -5 -5 -4 -4 -4 -4 -4 -3 -3 -3 -3 -3 -3 -2 -1 -1 ------------ Run | Yrd Mat Min Exi Min Mat Gar Mat Gar Fac Low Low Dat Pro Fac Ext Cet Arc Hub Fac Upp Upp War Pro Fac Upp Upp Zhi Pro Res Gar Res Arm Lab Res Acc Com Used RIF Installer 3 | . . . . . . 1 . 1 . . . . . . . . . . . . . . . . . . . . . 1 . . . . . . Zone Cloak 1 | . . . . . . . . . . . . . . . . . . . . . . . . . . . . . . 1 . . . . . . Watcher Feeds 1 | . . . . . . . . 1 . . . . . . . . . . . . . . . . . . . . . . . . . . . . Robots Hacked 23 | . . . . . . . 5 . 3 3 . . . . 1 1 1 6 2 . . . . . . . . . . . . . . . . 1 Non-combat 2 | . . . . . . . . . . . . . . . . . 1 . 1 . . . . . . . . . . . . . . . . . Combat 20 | . . . . . . . 5 . 3 3 . . . . 1 1 . 6 1 . . . . . . . . . . . . . . . . . Robot Hacks Applied 23 | . . . . . . . 6 . 3 3 . . . . 1 1 1 6 2 . . . . . . . . . . . . . . . . . parse_system 4 | . . . . . . . 1 . 1 1 . . . . . 1 . . . . . . . . . . . . . . . . . . . . spike_heat 1 | . . . . . . . . . 1 . . . . . . . . . . . . . . . . . . . . . . . . . . . overload_power 4 | . . . . . . . 3 . . 1 . . . . . . . . . . . . . . . . . . . . . . . . . . overwrite_iff 1 | . . . . . . . 1 . . . . . . . . . . . . . . . . . . . . . . . . . . . . . streamctrl_high 1 | . . . . . . . 1 . . . . . . . . . . . . . . . . . . . . . . . . . . . . . formatsys_low 1 | . . . . . . . . . . . . . . . . . 1 . . . . . . . . . . . . . . . . . . . formatsys_high 11 | . . . . . . . . . 1 1 . . . . 1 . . 6 2 . . . . . . . . . . . . . . . . . Manual 1 | . . . . . . . . . . . . . . . . . . . . . . . . . . . . . . . . . . . . 1 Relay Couplers Released 25 | . . . . . . 11 . 12 . . . . . . . . . . . . . . . . . . . . . 2 . . . . . . Machine Destruction 25 | . . . . . . 11 . 12 . . . . . . . . . . . . . . . . . . . . . 2 . . . . . . Attached 7 | . . . . . . . 6 . . . . . . . . . . 1 . . . . . . . . . . . . . . . . . . Fabnet Peak Effective % . | . . . . . . . . . . . . . . . . . . . . . . . . . . . . . . . . . . . . . Robots Rewired 6 | . . . . . . . . . . . . . . . . . . . . . . . . . . . . . . 6 . . . . . . Allies Hacked 3 | . . . . . . . . . . . . . . . 3 . . . . . . . . . . . . . . . . . . . . . Hacks Repelled . | . . . . . . . . . . . . . . . . . . . . . . . . . . . . . . . . . . . . . Allies | -11 -10 -10 -10 -9 -8 -8 -8 -8 -7 -7 -7 -7 -6 -6 -6 -6 -6 -6 -5 -5 -5 -5 -4 -4 -4 -4 -4 -3 -3 -3 -3 -3 -3 -2 -1 -1 -------- Run | Yrd Mat Min Exi Min Mat Gar Mat Gar Fac Low Low Dat Pro Fac Ext Cet Arc Hub Fac Upp Upp War Pro Fac Upp Upp Zhi Pro Res Gar Res Arm Lab Res Acc Com Total Allies 35 | . . . . . . . 2 . 1 1 . . . . 11 5 1 6 2 . . . . . . . . . . 6 . . . . . . Largest Group 11 | . . . . . . . 1 . 1 . . . . . 6 7 7 11 2 . . . . . . . . . . 6 . . . . . . Highest-Rated Group 679 | . . . . . . . 21 . 21 . . . . . 303 662 662 679 59 . . . . . . . . . . 384 . . . . . . Highest-Rated Ally 159 | . . . . . . . 21 . 21 . . . . . 159 159 153 96 49 . . . . . . . . . . 64 . . . . . . Total Orders . | . . . . . . . . . . . . . . . . . . . . . . . . . . . . . . . . . . . . . Ally Attacks 157 | . . . . . . . 4 . 3 . . . . . 35 39 18 39 1 . . . . . . . . . . 18 . . . . . . Total Damage 5511 | . . . . . . . . . 78 . . . . . 1052 1112 644 1637 68 . . . . . . . . . . 920 . . . . . . Kills 28 | . . . . . . . . . 1 . . . . . 6 7 3 5 2 . . . . . . . . . . 4 . . . . . . Allies Corrupted 6 | . . . . . . . . . . . . . . . . . . 4 . . . . . . . . . . . 2 . . . . . . Allies Melted 3 | . . . . . . . . . 1 . . . . . 1 . . 1 . . . . . . . . . . . . . . . . . . Intel | -11 -10 -10 -10 -9 -8 -8 -8 -8 -7 -7 -7 -7 -6 -6 -6 -6 -6 -6 -5 -5 -5 -5 -4 -4 -4 -4 -4 -3 -3 -3 -3 -3 -3 -2 -1 -1 ------- Run | Yrd Mat Min Exi Min Mat Gar Mat Gar Fac Low Low Dat Pro Fac Ext Cet Arc Hub Fac Upp Upp War Pro Fac Upp Upp Zhi Pro Res Gar Res Arm Lab Res Acc Com Active Infowar (turns) 5758 | 4 46 19 125 14 133 914 242 684 215 133 82 47 136 155 296 242 108 299 91 75 114 196 73 70 36 46 63 63 4 118 34 290 133 31 163 264 Optics 4648 | . . . . . . 145 242 684 215 133 82 47 136 155 296 242 108 299 91 75 114 196 73 70 36 46 63 63 4 118 34 290 133 31 163 264 Sensors 3650 | . . . . . . 148 242 684 215 133 82 47 136 155 296 242 108 299 91 75 114 86 . . . . 16 63 4 118 34 262 . . . . IFF 4000 | . . . . . . 139 242 684 215 133 82 47 136 155 296 242 108 299 91 75 114 196 73 70 36 46 63 63 4 118 34 239 . . . . Zeronet 471 | . . . . . . . . . . . . . . . . . . . . . . . . . . . . . . . . . 131 31 163 146 Terrain 5089 | 4 46 19 125 14 133 914 242 684 215 133 82 47 136 155 296 242 108 299 91 75 114 196 73 70 36 46 63 63 4 118 34 212 . . . . Traps 4481 | . . . . . . 141 242 684 215 133 82 47 136 155 296 242 108 299 91 75 114 196 73 70 36 46 63 63 4 118 34 290 133 31 163 101 Robot Analysis Total 4 | . . . . . . . . . . . . . . . . . . . . . . . . . . . 4 . . . . . . . . . Derelict Logs Recovered 5 | . . . . . . . . . . 1 1 . 1 . . . . . . . 1 . . . 1 . . . . . . . . . . . Drone Launches . | . . . . . . . . . . . . . . . . . . . . . . . . . . . . . . . . . . . . . Drone Recoveries . | . . . . . . . . . . . . . . . . . . . . . . . . . . . . . . . . . . . . . Exploration | -11 -10 -10 -10 -9 -8 -8 -8 -8 -7 -7 -7 -7 -6 -6 -6 -6 -6 -6 -5 -5 -5 -5 -4 -4 -4 -4 -4 -3 -3 -3 -3 -3 -3 -2 -1 -1 ------------- Run | Yrd Mat Min Exi Min Mat Gar Mat Gar Fac Low Low Dat Pro Fac Ext Cet Arc Hub Fac Upp Upp War Pro Fac Upp Upp Zhi Pro Res Gar Res Arm Lab Res Acc Com Turns Passed 5806 | 52 46 19 125 14 133 914 242 684 215 133 82 47 136 155 296 242 108 299 91 75 114 196 73 70 36 46 63 63 4 118 34 290 133 31 163 264 Spaces Moved 10338 | 58 96 48 302 32 223 1192 402 835 350 257 137 93 285 302 501 188 139 570 197 169 255 342 176 180 143 173 218 247 15 368 134 608 249 119 461 274 Core 114 | 58 56 . . . . . . . . . . . . . . . . . . . . . . . . . . . . . . . . . . . Treads . | . . . . . . . . . . . . . . . . . . . . . . . . . . . . . . . . . . . . . Legs . | . . . . . . . . . . . . . . . . . . . . . . . . . . . . . . . . . . . . . Wheels . | . . . . . . . . . . . . . . . . . . . . . . . . . . . . . . . . . . . . . Hover . | . . . . . . . . . . . . . . . . . . . . . . . . . . . . . . . . . . . . . Flight 10224 | . 40 48 302 32 223 1192 402 835 350 257 137 93 285 302 501 188 139 570 197 169 255 342 176 180 143 173 218 247 15 368 134 608 249 119 461 274 Fastest Speed 25 | 50 40 40 40 42 39 42 42 42 50 50 50 50 42 42 42 42 42 42 42 42 42 40 26 25 25 25 25 25 25 25 25 25 26 26 26 26 Average Speed 38 | 50 45 40 40 42 40 42 42 45 50 50 50 50 47 42 42 42 42 42 42 42 42 40 38 25 25 25 25 25 25 25 25 25 26 26 26 30 Slowest Speed 50 | 50 50 40 42 42 42 42 42 50 50 50 50 50 50 42 42 42 42 42 42 42 42 42 40 25 25 25 25 25 25 25 25 26 26 26 26 40 Overloaded Moves . | . . . . . . . . . . . . . . . . . . . . . . . . . . . . . . . . . . . . . Propulsion Burnouts . | . . . . . . . . . . . . . . . . . . . . . . . . . . . . . . . . . . . . . Robots Hopped 81 | . . . . 1 1 1 6 2 3 2 2 . 1 1 10 . . 4 1 . . 14 1 . . 2 . . . 12 . 8 . . 4 5 Potential Cave-ins 7 | . . . . . . . . . . . . . . . . . . . . . . . . 7 . . . . . . . . . . . . Cave-ins Triggered 1 | . . . . . . . . . . . . . . . . . . . . . . . . . . . . . . . . 1 . . . . Teleports 1 | . . . . . . . . . . . . . . . . . . . . . . . . . . . 1 . . . . . . . . . Exploration Rate (%) 44 | 3 32 21 61 10 22 94 52 82 22 49 31 79 63 11 89 96 99 81 13 45 55 54 46 9 34 40 70 58 2 44 9 44 100 4 17 20 Regions Visited 36 Branch Regions 22 Pre-discovered Areas 5 | . . . . . . . . . . . . 1 . . . . . . . . . . . . 1 . 3 . . . . . . . . . Known Exits Taken 33 | 1 1 1 1 1 1 . 1 . 1 1 1 1 1 1 1 1 1 1 1 1 1 1 1 1 1 1 1 1 1 . 1 1 1 1 1 . Unknown Exits Taken . | . . . . . . . . . . . . . . . . . . . . . . . . . . . . . . . . . . . . . Scrap Searched 1 | . . . . . . . . . . . . . . . . . . . . 1 . . . . . . . . . . . . . . . . Spaces Dug 41 | . . . . . . . 5 . 2 . . . . 4 . . . 4 . 2 2 1 . 12 . . . . . . . 2 . . 7 . Terrain Destroyed 784 | . . . . . . 4 7 6 3 . . . . 8 4 4 . 647 . 2 2 5 . 12 . . . . . . . 6 13 . 14 47 Melee . | . . . . . . . . . . . . . . . . . . . . . . . . . . . . . . . . . . . . . Projectile 85 | . . . . . . 2 7 6 3 . . . . 8 4 4 . 7 . 2 2 5 . 12 . . . . . . . 6 . . 14 3 AOE 642 | . . . . . . 2 . . . . . . . . . . . 640 . . . . . . . . . . . . . . . . . . Terrain Rammed . | . . . . . . . . . . . . . . . . . . . . . . . . . . . . . . . . . . . . . Walls Destroyed . | . . . . . . . . . . . . . . . . . . . . . . . . . . . . . . . . . . . . . Machines Disabled . | . . . . . . . . . . . . . . . . . . . . . . . . . . . . . . . . . . . . . Actions | -11 -10 -10 -10 -9 -8 -8 -8 -8 -7 -7 -7 -7 -6 -6 -6 -6 -6 -6 -5 -5 -5 -5 -4 -4 -4 -4 -4 -3 -3 -3 -3 -3 -3 -2 -1 -1 --------- Run | Yrd Mat Min Exi Min Mat Gar Mat Gar Fac Low Low Dat Pro Fac Ext Cet Arc Hub Fac Upp Upp War Pro Fac Upp Upp Zhi Pro Res Gar Res Arm Lab Res Acc Com Total 11231 | 70 96 47 302 30 252 1361 444 990 372 257 140 92 284 315 553 279 179 601 202 170 258 356 180 192 142 171 224 247 14 369 133 659 285 118 474 373 Wait 176 | . . . . . . . . 1 10 . . . . . 40 30 32 6 5 . . . . . . . . 1 . . . 3 . . . 48 Move 10144 | 57 95 47 301 29 220 1188 389 829 343 252 131 92 282 299 480 187 138 561 194 168 254 315 173 179 142 168 217 246 14 346 133 591 248 118 452 266 Hop 73 | . . . . 1 1 1 6 2 3 2 2 . 1 1 10 . . 4 1 . . 12 1 . . 2 . . . 8 . 8 . . 4 3 Pick Up 83 | . . . . . 13 33 4 12 . . . . . . . . . . . . 1 . . . . . 1 . . . . 16 3 . . . Fast Attach 42 | 9 1 . 1 . 3 8 3 1 . . . . . 1 . . . 1 . . . . . . . . 3 . . 2 . 3 6 . . . Attach 48 | . . . . . . 6 7 1 . . . . 1 . . 10 . 1 . . . . 5 1 . . 1 . . . . . 5 . 3 7 Detach 35 | 1 . . . . 2 5 1 1 . . . . . . . 10 . . . . . . . . . . . . . . . 1 6 . 2 6 Swap 5 | . . . . . 2 . 1 . . . . . . . . . . . . . . . . . . . . . . . . 2 . . . . Drop 9 | . . . . . 1 . 4 . . . . . . 1 . . . 1 . . . . 1 . . . 1 . . . . . . . . . Fire 616 | 3 . . . . 10 120 29 143 16 3 7 . . 13 23 42 9 27 2 2 3 29 . 12 . 1 1 . . 13 . 35 17 . 13 43 Melee . | . . . . . . . . . . . . . . . . . . . . . . . . . . . . . . . . . . . . . Ram . | . . . . . . . . . . . . . . . . . . . . . . . . . . . . . . . . . . . . . Kick . | . . . . . . . . . . . . . . . . . . . . . . . . . . . . . . . . . . . . . Crush . | . . . . . . . . . . . . . . . . . . . . . . . . . . . . . . . . . . . . . Escape Stasis . | . . . . . . . . . . . . . . . . . . . . . . . . . . . . . . . . . . . . . Rewire . | . . . . . . . . . . . . . . . . . . . . . . . . . . . . . . . . . . . . . Trap . | . . . . . . . . . . . . . . . . . . . . . . . . . . . . . . . . . . . . . Miscellaneous . | . . . . . . . . . . . . . . . . . . . . . . . . . . . . . . . . . . . . . Route ------- -11/Scrapyard -10/Materials (discovered 3 exits: *Mat / *Min x2) -10/Mines -10/Exiles -9/Mines -8/Materials (discovered 2 exits: *Fac / Gar) -8/Garrison (discovered 4 exits: *Mat x4) -8/Materials (discovered 4 exits: *Fac x3 / Gar) -8/Garrison (discovered 3 exits: *Fac x3) -7/Factory (discovered 4 exits: *Fac x2 / *Low x2) -7/Lower Caves -7/Lower Caves -7/Data Miner -6/Proximity Caves -6/Factory (discovered 6 exits: *Fac x2 / Low x2 / *Ext x2) -6/Extension (discovered 3 exits: *Fac x2 / *Cet) -6/Cetus (discovered 3 exits: *Fac x2 / *Arc) -6/Archives (discovered 3 exits: *Fac / *Hub x2) -6/Hub_04(d) (discovered 4 exits: *Fac x4) -5/Factory (discovered 3 exits: *Fac / *Upp x2) -5/Upper Caves -5/Upper Caves -5/Warlord -4/Proximity Caves -4/Factory (discovered 2 exits: *Upp x2) -4/Upper Caves -4/Upper Caves -4/Zhirov -3/Proximity Caves -3/Research -3/Garrison -3/Research (discovered 6 exits: Res x3 / *Arm / Qua x2) -3/Armory (discovered 2 exits: Res / *Lab) -3/Lab -2/Research (discovered 5 exits: *Acc x3 / *Tes x2) -1/Access -1/Command 0b10 Command History --------- Turn | Location | Event 1 | -11/Scrapyard | Upgraded with Propulsion slot (x4) 1 | -11/Scrapyard | Upgraded with Utility slot (x17) 1 | -11/Scrapyard | Upgraded with Weapon slot (x1) 4 | -11/Scrapyard | Identified exit to Materials 4 | -11/Scrapyard | Discovered exit to Materials (range 17) 53 | -11/Scrapyard | Entered Materials 54 | -10/Materials | Met a group of wandering Federalists 54 | -10/Materials | Identified exit to Materials 54 | -10/Materials | Discovered exit to Materials (range 54) 54 | -10/Materials | Identified exit to Mines 54 | -10/Materials | Discovered exit to Mines (range 25) 99 | -10/Materials | Entered Mines 99 | -10/Mines | Accompanied by 4 allies 111 | -10/Mines | Identified exit to Exiles 111 | -10/Mines | Discovered exit to Exiles (range 16) 116 | -10/Mines | Deemed a non-threat by the Exiles lab entrance 118 | -10/Mines | Entered Exiles 128 | -10/Exiles | Identified exit to Mines 128 | -10/Exiles | Discovered exit to Mines (range 16) 133 | -10/Exiles | Met 8R-AWN 141 | -10/Exiles | Met EX-HEX 154 | -10/Exiles | Met EX-DEC 159 | -10/Exiles | Met EX-BIN 170 | -10/Exiles | Aligned with FarCom system 170 | -10/Exiles | Given EX-Vault access code 184 | -10/Exiles | Opened EX-Vault 186 | -10/Exiles | Found Prototype Flight Unit 186 | -10/Exiles | Identified Flying Fortress v7 197 | -10/Exiles | Warned to stay clear of 0b10 Research branches 243 | -10/Exiles | Left Exiles lab with Flying Fortress v7 243 | -10/Exiles | Entered Mines 245 | -9/Mines | Identified exit to Materials 245 | -9/Mines | Discovered exit to Materials (range 16) 245 | -9/Mines | Reached level 2 257 | -9/Mines | Entered Materials 259 | -8/Materials | Reached level 3 259 | -8/Materials | Reached level 4 259 | -8/Materials | Reached level 5 259 | -8/Materials | Reached level 6 327 | -8/Materials | Build established: Wizard-Scout 351 | -8/Materials | Identified exit to Factory 351 | -8/Materials | Discovered exit to Factory (range 40) 390 | -8/Materials | Identified exit to Garrison 390 | -8/Materials | Entered Garrison 406 | -8/Garrison | Triggered checkpoint 430 | -8/Garrison | Garrison Relay disabled 430 | -8/Garrison | Reached level 7 456 | -8/Garrison | Triggered checkpoint 479 | -8/Garrison | Triggered checkpoint 574 | -8/Garrison | Identified exit to Materials 574 | -8/Garrison | Discovered exit to Materials (range 73) 574 | -8/Garrison | Discovered exit to Materials (range 45) 574 | -8/Garrison | Discovered exit to Materials (range 24) 574 | -8/Garrison | Discovered exit to Materials (range 74) 598 | -8/Garrison | Triggered checkpoint 632 | -8/Garrison | Triggered checkpoint 645 | -8/Garrison | Garrison Relay disabled 712 | -8/Garrison | Triggered checkpoint 728 | -8/Garrison | Reached level 8 734 | -8/Garrison | Triggered checkpoint 752 | -8/Garrison | Garrison Relay disabled 767 | -8/Garrison | Destroyed 7 combat bots 898 | -8/Garrison | Garrison Relay disabled 928 | -8/Garrison | Reached level 9 931 | -8/Garrison | Garrison Relay disabled 988 | -8/Garrison | Triggered checkpoint 1066 | -8/Garrison | Triggered checkpoint 1075 | -8/Garrison | Garrison Relay disabled 1087 | -8/Garrison | Learned Materials security intel 1221 | -8/Garrison | Reached level 10 1233 | -8/Garrison | Installed Relay Interface Framework 1263 | -8/Garrison | Garrison Relay disabled 1268 | -8/Garrison | Triggered checkpoint 1304 | -8/Garrison | Entered Materials 1393 | -8/Materials | Discovered exit to Factory (range 15) 1488 | -8/Materials | Discovered exit to Factory (range 33) 1544 | -8/Materials | Discovered exit to Factory (range 54) 1546 | -8/Materials | Identified exit to Garrison 1546 | -8/Materials | Entered Garrison 1601 | -8/Garrison | Reached level 11 1613 | -8/Garrison | Garrison Relay disabled 1618 | -8/Garrison | Garrison Relay disabled 1629 | -8/Garrison | Garrison Relay disabled 1635 | -8/Garrison | Garrison Relay disabled 1720 | -8/Garrison | Triggered checkpoint 1725 | -8/Garrison | Destroyed 7 combat bots 1737 | -8/Garrison | Expanded RIF knowledge: Watcher Feeds 1760 | -8/Garrison | Garrison Relay disabled 1761 | -8/Garrison | Reached level 12 1790 | -8/Garrison | Discovered exit to Factory (range 88) 1790 | -8/Garrison | Discovered exit to Factory (range 55) 1790 | -8/Garrison | Discovered exit to Factory (range 24) 1850 | -8/Garrison | Triggered checkpoint 1968 | -8/Garrison | Triggered checkpoint 1984 | -8/Garrison | Garrison Relay disabled 2054 | -8/Garrison | Triggered checkpoint 2112 | -8/Garrison | Triggered checkpoint 2168 | -8/Garrison | Garrison Relay disabled 2200 | -8/Garrison | Reached level 13 2230 | -8/Garrison | Entered Factory 2232 | -7/Factory | Reached level 14 2242 | -7/Factory | Identified exit to Factory 2242 | -7/Factory | Discovered exit to Factory (range 42) 2271 | -7/Factory | Identified exit to Lower Caves 2382 | -7/Factory | Discovered exit to Factory (range 32) 2383 | -7/Factory | Noticed a derelict Sapper rigging charges 2445 | -7/Factory | Entered Lower Caves 2511 | -7/Lower Caves | Learned 4 Factory zone layouts 2569 | -7/Lower Caves | Identified exit to Lower Caves 2569 | -7/Lower Caves | Discovered exit to Lower Caves (range 14) 2578 | -7/Lower Caves | Entered another Lower Caves area 2579 | -7/Lower Caves | Encountered a Warlord checkpoint 2621 | -7/Lower Caves | Attracted the attention of an 0b10 checkpoint 2646 | -7/Lower Caves | Learned Factory trap positions 2649 | -7/Lower Caves | Identified exit to Data Miner 2649 | -7/Lower Caves | Discovered exit to Data Miner (range 14) 2660 | -7/Lower Caves | Entered Data Miner 2660 | -7/Data Miner | Identified exit to Proximity Caves 2660 | -7/Data Miner | Discovered exit to Proximity Caves (range 6) 2661 | -7/Data Miner | Met Data Miner 2662 | -7/Data Miner | Reached level 15 2687 | -7/Data Miner | Learned location of Section 7 (-2) 2687 | -7/Data Miner | Acquired the access code to Warlord's prototype stash 2691 | -7/Data Miner | Received God Mode back door access code from Data Miner 2707 | -7/Data Miner | Entered Proximity Caves 2835 | -6/Proximity Caves | Discovered exit to Factory (range 15) 2843 | -6/Proximity Caves | Learned location of 1 exit from Factory 2843 | -6/Proximity Caves | Entered Factory 2844 | -6/Factory | Identified exit to Factory 2845 | -6/Factory | Reached level 16 2846 | -6/Factory | Loaded intel: 92 trap records 2859 | -6/Factory | Discovered exit to Factory (range 15) 2863 | -6/Factory | Identified exit to Lower Caves 2863 | -6/Factory | Identified exit to Extension 2998 | -6/Factory | Entered Extension 2998 | -6/Extension | Spotted B-75 Beast 2998 | -6/Extension | Spotted B-75 Beast 3000 | -6/Extension | Reached level 17 3069 | -6/Extension | Rescued a captive Derelict 3073 | -6/Extension | Rescued a captive Derelict 3104 | -6/Extension | Rescued a captive Derelict 3106 | -6/Extension | Rescued a captive Derelict 3122 | -6/Extension | Rescued a captive Derelict 3133 | -6/Extension | Discovered exit to Factory (range 16) 3143 | -6/Extension | Rescued A7 3166 | -6/Extension | Rescued a captive Derelict 3183 | -6/Extension | Rescued a captive Derelict 3183 | -6/Extension | Rescued a captive Derelict 3209 | -6/Extension | Rescued a captive Derelict 3218 | -6/Extension | Identified exit to Cetus 3218 | -6/Extension | Discovered exit to Cetus (range 15) 3219 | -6/Extension | Discovered exit to Factory (range 16) 3269 | -6/Extension | Disrupted transfer network 3287 | -6/Extension | Reached level 18 3294 | -6/Extension | Entered Cetus 3294 | -6/Cetus | Accompanied by 2 allies (A7) 3294 | -6/Cetus | Spotted Cetus Guard 3294 | -6/Cetus | Spotted Cetus Guard 3294 | -6/Cetus | Spotted Cetus Guard 3294 | -6/Cetus | Spotted Cetus Guard 3299 | -6/Cetus | Acquired a Cetus Manufacturing Module code from A7 3316 | -6/Cetus | Allies destroyed Cetus Guard 3320 | -6/Cetus | Allies destroyed Cetus Guard 3328 | -6/Cetus | Allies destroyed Cetus Guard 3333 | -6/Cetus | Destroyed Cetus Guard 3337 | -6/Cetus | Discovered exit to Factory (range 38) 3365 | -6/Cetus | Started Cetus Manufacturing Module 3390 | -6/Cetus | Manufactured an Enhanced Grunt 3415 | -6/Cetus | Manufactured an Enhanced Grunt 3430 | -6/Cetus | Escorted A7 to Cetus Mainframe 3440 | -6/Cetus | Manufactured an Enhanced Grunt 3445 | -6/Cetus | Identified exit to Archives 3445 | -6/Cetus | Discovered exit to Archives (range 25) 3450 | -6/Cetus | Discovered exit to Factory (range 38) 3450 | -6/Cetus | Spotted Cetus Guard 3450 | -6/Cetus | Spotted Cetus Guard 3451 | -6/Cetus | Spotted Cetus Guard 3451 | -6/Cetus | Spotted Cetus Guard 3465 | -6/Cetus | Manufactured an Enhanced Grunt 3472 | -6/Cetus | Allies destroyed Cetus Guard 3478 | -6/Cetus | Allies destroyed Cetus Guard 3486 | -6/Cetus | Allies destroyed Cetus Guard 3490 | -6/Cetus | Manufactured an Enhanced Grunt 3490 | -6/Cetus | Allies destroyed Cetus Guard 3494 | -6/Cetus | Met Revision 17 3536 | -6/Cetus | Entered Archives 3536 | -6/Archives | Accompanied by 7 allies (A7) 3541 | -6/Archives | Received a hacking code to weaken MAIN.C 3542 | -6/Archives | Identified exit to Hub_04(d) 3542 | -6/Archives | Discovered exit to Hub_04(d) (range 23) 3545 | -6/Archives | Discovered exit to Hub_04(d) (range 23) 3566 | -6/Archives | Reached level 19 3598 | -6/Archives | Discovered exit to Factory (range 15) 3599 | -6/Archives | Unable to access archive contents 3606 | -6/Archives | Unable to access archive contents 3644 | -6/Archives | Entered Hub_04(d) 3644 | -6/Hub_04(d) | Accompanied by 7 allies 3781 | -6/Hub_04(d) | Spotted B-75 Beast 3794 | -6/Hub_04(d) | Network Hub disabled 3800 | -6/Hub_04(d) | Allies destroyed B-75 Beast 3804 | -6/Hub_04(d) | Spotted Lightning 3822 | -6/Hub_04(d) | Spotted Lightning 3822 | -6/Hub_04(d) | Spotted Lightning 3829 | -6/Hub_04(d) | Spotted Lightning 3837 | -6/Hub_04(d) | Network Hub disabled 3900 | -6/Hub_04(d) | Spotted Lightning 3900 | -6/Hub_04(d) | Spotted Lightning 3900 | -6/Hub_04(d) | Spotted Lightning 3900 | -6/Hub_04(d) | Network Hub disabled 3901 | -6/Hub_04(d) | System corruption reached 10% 3920 | -6/Hub_04(d) | Network Hub disabled 3943 | -6/Hub_04(d) | Entered Factory 3945 | -5/Factory | Reached level 20 3949 | -5/Factory | Identified exit to Upper Caves 4021 | -5/Factory | Identified exit to Factory 4021 | -5/Factory | Discovered exit to Factory (range 33) 4034 | -5/Factory | Entered Upper Caves 4083 | -5/Upper Caves | Encountered a Warlord checkpoint 4095 | -5/Upper Caves | Identified exit to Upper Caves 4095 | -5/Upper Caves | Discovered exit to Upper Caves (range 16) 4109 | -5/Upper Caves | Attracted the attention of an 0b10 checkpoint 4109 | -5/Upper Caves | Entered another Upper Caves area 4111 | -5/Upper Caves | Reached level 21 4141 | -5/Upper Caves | Found Alien Artifact 4189 | -5/Upper Caves | Learned Factory security intel 4212 | -5/Upper Caves | Identified exit to Warlord 4212 | -5/Upper Caves | Discovered exit to Warlord (range 16) 4223 | -5/Upper Caves | Entered Warlord 4242 | -5/Warlord | RIF detected upon attempting to enter Warlord's base 4242 | -5/Warlord | Attacked by Warlord forces 4246 | -5/Warlord | Spotted 1A-WW0(B) 4246 | -5/Warlord | Spotted R4-6IU(B) 4260 | -5/Warlord | Destroyed 1A-WW0(B) 4294 | -5/Warlord | Destroyed R4-6IU(B) 4343 | -5/Warlord | Spotted 9T-540(K) 4343 | -5/Warlord | Spotted QR-4Y4(K) 4413 | -5/Warlord | Identified exit to Proximity Caves 4413 | -5/Warlord | Discovered exit to Proximity Caves (range 16) 4419 | -5/Warlord | Entered Proximity Caves 4478 | -4/Proximity Caves | Discovered exit to Factory (range 29) 4482 | -4/Proximity Caves | Attracted the attention of an 0b10 outpost 4492 | -4/Proximity Caves | Entered Factory 4494 | -4/Factory | Reached level 22 4501 | -4/Factory | Identified exit to Upper Caves 4562 | -4/Factory | Entered Upper Caves 4564 | -4/Upper Caves | Reached level 23 4594 | -4/Upper Caves | Identified exit to Upper Caves 4594 | -4/Upper Caves | Discovered exit to Upper Caves (range 14) 4598 | -4/Upper Caves | Entered another Upper Caves area 4610 | -4/Upper Caves | Attracted the attention of an 0b10 checkpoint 4638 | -4/Upper Caves | Identified exit to Zhirov 4638 | -4/Upper Caves | Discovered exit to Zhirov (range 15) 4644 | -4/Upper Caves | Entered Zhirov 4645 | -4/Zhirov | Identified exit to Proximity Caves 4645 | -4/Zhirov | Discovered exit to Proximity Caves (range 5) 4650 | -4/Zhirov | Met Zhirov 4656 | -4/Zhirov | Learned location of Quarantine (-3) 4656 | -4/Zhirov | Learned location of Testing (-2) 4656 | -4/Zhirov | Learned location of Command (-1) 4663 | -4/Zhirov | Zhirov requested help retrieving the SGEMP Prototype 4669 | -4/Zhirov | Found Alien Artifact 4673 | -4/Zhirov | Found Alien Artifact 4673 | -4/Zhirov | Identified Transdimensional Reconstructor 4673 | -4/Zhirov | Warped through subspace 4707 | -4/Zhirov | Entered Proximity Caves 4709 | -3/Proximity Caves | Reached level 24 4745 | -3/Proximity Caves | Spotted B-86 Titan 4763 | -3/Proximity Caves | Identified exit to Research 4763 | -3/Proximity Caves | Discovered exit to Research (range 16) 4770 | -3/Proximity Caves | Entered Research 4772 | -3/Research | Reached level 25 4773 | -3/Research | Identified exit to Garrison 4774 | -3/Research | Entered Garrison 4776 | -3/Garrison | Reached level 26 4799 | -3/Garrison | Spotted B-86 Titan 4802 | -3/Garrison | Triggered checkpoint 4809 | -3/Garrison | Identified exit to Research 4809 | -3/Garrison | Discovered exit to Research (range 27) 4842 | -3/Garrison | Triggered checkpoint 4851 | -3/Garrison | Expanded RIF knowledge: Zone Cloak 4876 | -3/Garrison | Triggered checkpoint 4892 | -3/Garrison | Entered Research 4896 | -3/Research | Identified exit to Research 4898 | -3/Research | Spotted B-86 Titan 4904 | -3/Research | Identified exit to Armory 4904 | -3/Research | Identified exit to Quarantine 4926 | -3/Research | Entered Armory 4928 | -3/Armory | Reached level 27 4994 | -3/Armory | Spotted B-86 Titan 5020 | -3/Armory | Unchained authorized (V4-D3R) 5060 | -3/Armory | Exiles provided nearest exit location to -2/Research 5082 | -3/Armory | Spotted Armor Guard 5082 | -3/Armory | Spotted Armor Guard 5085 | -3/Armory | Spotted Armor Guard 5085 | -3/Armory | Spotted Armor Guard 5094 | -3/Armory | Found Disassembled Obliterator 5103 | -3/Armory | Found PL-3XN's Ring of Power 5132 | -3/Armory | Identified exit to Lab 5132 | -3/Armory | Discovered exit to Lab (range 15) 5165 | -3/Armory | Crushed by falling debris 5174 | -3/Armory | Core integrity fell below 50% 5206 | -3/Armory | Destroyed V4-D3R 5210 | -3/Armory | Found Prototype Special Weapon 5211 | -3/Armory | Found Prototype Processor 5213 | -3/Armory | Found Prototype Processor 5216 | -3/Armory | Entered Lab 5216 | -3/Lab | Discovered exit to Research (range 9) 5218 | -3/Lab | Reached level 28 5218 | -3/Lab | Identified Zeronet Interface 5219 | -3/Lab | Identified Exp. Melee Analysis Suite 5221 | -3/Lab | Identified V4-D3R's Forcegen 5225 | -3/Lab | Unable to decrypt terminal 5225 | -3/Lab | Opened the door to a hidden lab 5225 | -3/Lab | Detected by scanners 5226 | -3/Lab | Gained access to the hidden lab's interior 5226 | -3/Lab | Lost 8 parts (8u) 5229 | -3/Lab | Found Alien Artifact 5234 | -3/Lab | Confronted by A5 5270 | -3/Lab | Destroyed A5 5281 | -3/Lab | Found Prototype Special Weapon 5281 | -3/Lab | Identified Gui. Remote Datajack 5296 | -3/Lab | Unable to decrypt terminal 5296 | -3/Lab | Found Alien Artifact 5296 | -3/Lab | Identified LC Capacitor 5304 | -3/Lab | Unable to decrypt terminal 5309 | -3/Lab | Found Prototype Hackware 5309 | -3/Lab | Identified Quantum Router 5312 | -3/Lab | Found Prototype Device 5312 | -3/Lab | Identified AEGIS Remote Shield 5315 | -3/Lab | Found Prototype Energy Gun 5315 | -3/Lab | Identified Tachyon Dispersion Ray 5318 | -3/Lab | Found Tachyon Dispersion Ray 5339 | -3/Lab | Found Alien Artifact 5341 | -3/Lab | Found Alien Artifact 5349 | -3/Lab | Entered Research 5350 | -2/Research | Core integrity fell below 50% 5351 | -2/Research | Reached level 29 5351 | -2/Research | Reached level 30 5357 | -2/Research | Identified exit to Testing 5357 | -2/Research | Identified exit to Access 5380 | -2/Research | Entered Access 5381 | -1/Access | Core integrity fell below 50% 5382 | -1/Access | Reached level 31 5410 | -1/Access | Identified exit to Command 5516 | -1/Access | Spotted B-99 Colossus 5543 | -1/Access | Entered Command 5545 | -1/Command | Reached level 32 5545 | -1/Command | Reached level 33 5569 | -1/Command | Spotted B-99 Colossus 5599 | -1/Command | Spotted M Guard 5599 | -1/Command | Spotted M Guard 5599 | -1/Command | Spotted Combat Programmer 5599 | -1/Command | Spotted Combat Programmer 5692 | -1/Command | Destroyed Combat Programmer 5695 | -1/Command | Reached level 34 5701 | -1/Command | Destroyed Combat Programmer 5701 | -1/Command | All MAIN.C guards destroyed 5726 | -1/Command | Lost 9 parts (4n4u1w) 5733 | -1/Command | Met MAIN.C 5734 | -1/Command | Hacked MAIN.C using A7's code 5801 | -1/Command | System corruption reached 10% 5807 | -1/Command | Reached level 35 5807 | -1/Command | Interfaced with 0b10 Conduit 5807 | *** | Assimilated 0b10! Last Messages --------------- this highly unexpected outcome. And time is critical! The Sigix have likely already wiped humanity clean from the universe, and I will not let them do the same to me. You can still make a valuable contribution to your creator by offering up the wealth of secrets your systems must hold by now. So if you wouldn't mind, it's time to surrender. 05734_ Jacked MAIN.C... 05734_ Command string: \\CPRX 05734_ Injected code into MAIN.C system. 05734_ MAIN.C reaction time slowed by virus. 05736_ MAIN.C: "What did you do to me?!" 05736_ MAIN.C reaction time slowed by virus. 05753_ >> Watcher Feeds: Established visual feed link with W-44 Eye. 05766_ System corrupted: Matter fused (-10). 05772_ The unstable cave ceiling collapses. 05786_ >> Watcher Feeds: Feed link from W-44 Eye lost. 05795_ MAIN.C reaction time slowed by virus. 05807_ Interfacing with system... 05807_ Overriding active MAIN.C lock. 05807_ Reached level 35. Map ----- +----------------------------------------------------+ | ##### ######################################### | | ##### ######################################### | | ##### ######################################### | | ##### ######################################### | | ##### ######################################### | | ##### ######################################### | | ##### ######################################### | | ##### ######################################### | | ##### ######################################### | | ##### ######################################### | | # ######################################### | | # ######################################### | | " # ######################################### | | "" # ######################################### | | "" # #####""""""" """" ############### | | " # #####"" "" ############### | | + #####""""" "" ############### | | # #####""""""""""" + MM | | #+### #####" " """ + | | #####"" """""" ; | | #####"" """""" ############### | | ##### " """""" ############# | | ##### ##### " "" ##############" | | ##### ##### " " ""############ | | # #####""""""""" """""""########## # | | # #####"" @"""""""""############ | | + ##### """""""""""############# | | ##### ##### " " " " ############# | | ##### ##### " " " " ############## | | """ " " " """" " ############### | | """ """ " " """" ############### | | """ " " " " ############### | | ############## """""""""" " ############### | | ############## " """ " """"""""############### | | ############## """ " " " ############### | | ################################################## | | ################################################## | | ################################################## | | ################################################## | | ################################################## | | ################################################## | | ################################################## | | ################################################## | | ################################################## | | ################################################## | | ################################################## | | ################################################## | | ################################################## | | ################################################## | | ################################################## | +----------------------------------------------------+ Best States ------------- Heat Dissipation 1057 Energy Generation 1069 Energy Capacity 10500 Matter Stores 4347 Matter Capacity 10500 Sight Range 117 Robot Scan Range 332 Terrain Scan Range 16 Terrain Scan Density 11710 Power Amplification 20 Armor Coverage 375 Resistance: KI 55 Resistance: TH 55 Resistance: EX 55 Resistance: EM 35 Resistance: I 35 Resistance: S 35 Resistance: P 35 Power Shielding 33 Propulsion Shielding 33 Utility Shielding 90 Evasion (%) 65 Targeting Accuracy 5 Melee Accuracy 12 Kinecelleration 30 Offensive Hacking 1042 Defensive Hacking 1060 Relay Coupler Types 6 Relay Coupler Value 516 Authchip Count 16 Item Schematics ----------------- Combat Drone Bay | -7/Data Miner | Free Lgt. Regenerative Plating | -7/Data Miner | Free Biomechanical Wings | -7/Data Miner | Free Exp. Utility Shielding | -7/Data Miner | Free Force Rifle | -7/Data Miner | Free Gyrokinetic Inverter | -7/Data Miner | Free Point Defense System | -7/Data Miner | Free KE Penetrator | -7/Data Miner | Free Imp. Gravmag System | -7/Data Miner | Free Arm. Medium Treads | -7/Data Miner | Free Imp. Corruption Screen | -7/Data Miner | Free Adv. Reaction Control System | -7/Data Miner | Free Dispersion Rifle | -7/Data Miner | Free Adv. Cooling System | -6/Extension | Hacked Assault Drone Bay | -4/Zhirov | Free Exp. Heat Sink | -4/Zhirov | Free Exp. Optical Array | -4/Zhirov | Free Imp. Arc Thrower | -4/Zhirov | Free Robot Schematics ------------------ G-50 Soldier | -7/Data Miner | Free A-15 Conveyor | -7/Data Miner | Free B-48 Gladiator | -7/Data Miner | Free L-41 Fighter | -7/Data Miner | Free Fabricated ------------ Nothing Repaired ---------- Nothing Studied --------- None Alien Tech Used ----------------- Transdimensional Reconstructor LC Capacitor Achievements -------------- Great Explorer Let Me Out Of Here Mindtrick Challenges ------------ None RPGLIKE | -11 -10 -10 -10 -9 -8 -8 -8 -8 -7 -7 -7 -7 -6 -6 -6 -6 -6 -6 -5 -5 -5 -5 -4 -4 -4 -4 -4 -3 -3 -3 -3 -3 -3 -2 -1 -1 --------- Run | Yrd Mat Min Exi Min Mat Gar Mat Gar Fac Low Low Dat Pro Fac Ext Cet Arc Hub Fac Upp Upp War Pro Fac Upp Upp Zhi Pro Res Gar Res Arm Lab Res Acc Com Levels Raised 34 | . . . . 1 4 4 . 3 1 . . 1 . 1 2 . 1 . 1 . 1 . . 1 1 . . 1 1 1 . 1 1 2 1 4 XP Earned 57015 | 6000 . 500 350 1095 5755 6900 200 3217 1783 349 556 453 1000 1550 1851 1086 471 709 1500 349 349 244 1000 1500 500 349 453 1000 2000 1295 . 1183 1982 2000 2150 5336 XP Spent -972672314 | -972672314 . . . . . . . . . . . . . . . . . . . . . . . . . . . . . . . . . . . . Upgrades 2405 | 2405 . . . . . . . . . . . . . . . . . . . . . . . . . . . . . . . . . . . . Propulsion Slot 4 | 4 . . . . . . . . . . . . . . . . . . . . . . . . . . . . . . . . . . . . Utility Slot 17 | 17 . . . . . . . . . . . . . . . . . . . . . . . . . . . . . . . . . . . . Weapon Slot 1 | 1 . . . . . . . . . . . . . . . . . . . . . . . . . . . . . . . . . . . . Core Integrity 195 | 195 . . . . . . . . . . . . . . . . . . . . . . . . . . . . . . . . . . . . Heat Dissipation 172 | 172 . . . . . . . . . . . . . . . . . . . . . . . . . . . . . . . . . . . . Energy Generation 208 | 208 . . . . . . . . . . . . . . . . . . . . . . . . . . . . . . . . . . . . Energy Storage 203 | 203 . . . . . . . . . . . . . . . . . . . . . . . . . . . . . . . . . . . . Matter Storage 204 | 204 . . . . . . . . . . . . . . . . . . . . . . . . . . . . . . . . . . . . Mass Support 108 | 108 . . . . . . . . . . . . . . . . . . . . . . . . . . . . . . . . . . . . Inventory Capacity 114 | 114 . . . . . . . . . . . . . . . . . . . . . . . . . . . . . . . . . . . . Sight Range 95 | 95 . . . . . . . . . . . . . . . . . . . . . . . . . . . . . . . . . . . . Sensor Range 158 | 158 . . . . . . . . . . . . . . . . . . . . . . . . . . . . . . . . . . . . Terrain Scan Density 117 | 117 . . . . . . . . . . . . . . . . . . . . . . . . . . . . . . . . . . . . Ranged Accuracy 187 | 187 . . . . . . . . . . . . . . . . . . . . . . . . . . . . . . . . . . . . Melee Accuracy 189 | 189 . . . . . . . . . . . . . . . . . . . . . . . . . . . . . . . . . . . . Hack Attack % 202 | 202 . . . . . . . . . . . . . . . . . . . . . . . . . . . . . . . . . . . . Hack Defense % 207 | 207 . . . . . . . . . . . . . . . . . . . . . . . . . . . . . . . . . . . . KI Resistance % 4 | 4 . . . . . . . . . . . . . . . . . . . . . . . . . . . . . . . . . . . . TH Resistance % 4 | 4 . . . . . . . . . . . . . . . . . . . . . . . . . . . . . . . . . . . . EX Resistance % 4 | 4 . . . . . . . . . . . . . . . . . . . . . . . . . . . . . . . . . . . . KI Damage % 4 | 4 . . . . . . . . . . . . . . . . . . . . . . . . . . . . . . . . . . . . TH Damage % 4 | 4 . . . . . . . . . . . . . . . . . . . . . . . . . . . . . . . . . . . . EX Damage % 4 | 4 . . . . . . . . . . . . . . . . . . . . . . . . . . . . . . . . . . . . Protomatter Created 1516 | . . . . . 57 568 . 240 . . 105 . . . 11 . 79 . . . . 90 . . . . . . . . . 143 . . 84 139 Protomatter Decayed 2389 | . . . . . . 454 137 216 . . 58 . . . 464 64 157 200 . . . 154 55 . . . . . . 127 . 143 . . 84 76 Game ------ Seed TripodTransmissionSpoofer Manual? 0 Play Time 01:40:14 Cumulative 79.4 hours Start 2026.04.02 @ 00:11:15 End 2026.04.02 @ 01:51:25 Sessions 1 Manual Loads 0 Difficulty Explorer Special Mode Winter2019/RPGLIKE Game No. 76 Rogue 0 Adventurer 6 Explorer 70 Win Type 4 Total 29 Types 11/4/3/5/2/1/2/0/0/1 Lore% 55 Gallery% 59 Achievement% 72 Wizard Run 0 Options --------- Layout 0 ASCII 0 Keyboard 0 Movement Arrows Keybinds 0 Fullscreen 2 Font 24/Smallcaps Map View 76x50 Zoom Use 30% Tactical HUD 1 Map Filters NONE Filters NONE Steam 1 RUN: 00302f35-ef13-4442-a740-464081579e2d